Workbook

Sheet Sheet1
A1: 附件：
A2: 南昌县2025年度巩固拓展脱贫攻坚成果和乡村振兴项目计划完成情况汇总表
M3: 截止时间：2025年12月19日
A4: 序号 | B4: 单位 | C4: 项目类别 | D4: 项目名称 | E4: 项 目 内 容 | F4: 安排财政资金（万元） | G4: 资金实际支出含质保金（万元） | H4: 资金结余（万元） | I4: 资金来源 | J4: 资金级次 | K4: 下达文件 | L4: 下达文件时间 | M4: 项目建设完成情况 | N4: 绩效目标 | O4: 联农带农机制 | P4: 备注
A5: 1 | B5: 武阳镇楞上村 | C5: 乡村建设类 | D5: 武阳镇楞上村东岗山变压器改造工程 | E5: 安装变压器（250kva）一套及电线杆附属设施设备等。 | F5: 26 | G5: 25.46 | H5: =F5-G5 -> 0.54 | I5: 洪财农指〔2024〕90号 | J5: 省级 | K5: 南财农〔2025〕15号 | L5: 2.8 | M5: 已完成 | N5: =VLOOKUP(D5,Sheet2!F:O,10,FALSE) -> 通过在“十四五”省定乡村振兴重点帮扶村楞上村东岗山安装变压器一套，含电线杆等附属设施设备等，解决农户排涝灌溉用电需求，确保农户用电安全。预期设备使用年限能达到10年，受益人口1600余人，其中脱贫户和监测对象62人。项目工程完成及时率能达到100%，项目建成后验收合格率能达到100%，脱贫户满意度能达到95%以上。 | O5: =VLOOKUP(D5,Sheet2!F:Q,12,FALSE) -> 预期受益人口1600余人，其中脱贫户和监测对象62人。解决农户排涝灌溉用电需求，确保农户用电安全。村民满意度能达到95%以上。
A6: 2 | B6: 幽兰镇园艺场 | C6: 乡村建设类 | D6: 幽兰镇园艺场抗旱抽水线路新装工程 | E6: 邓家、南湖、朱家、熊家、陶赵、北涂、南涂、黄家等8村组果树抗旱抽水改造 | F6: 65 | G6: 60.7782 | H6: =F6-G6 -> 4.2218 | I6: 洪财农指〔2024〕107号55万元、洪财农指〔2024〕129号10万元 | J6: 中央55万元、市级10万元 | K6: 南财农〔2025〕15号 | L6: 2.8 | M6: 已完成 | N6: =VLOOKUP(D6,Sheet2!F:O,10,FALSE) -> 通过在“十三五”省级脱贫村园艺场邓家、南湖、朱家、熊家、陶赵、北涂、南涂、黄家等8村组共计10公里果树抗旱抽水改造。项目工程完成及时率能达到100%，项目建成后验收合格率能达100%，预期益面积1907亩、受益人口1576人，村民满意度能达到95%以上。 | O6: =VLOOKUP(D6,Sheet2!F:Q,12,FALSE) -> 改善园艺场基础设施条件，确保农户生产安全，受益脱贫户24户、监测户2户，受益面积1907亩，受益人口1576人。
A7: 3 | B7: 塘南镇田万村 | C7: 乡村建设类 | D7: 田万村四组道路硬化工程 | E7: 田万村四组道路硬化长约629米等 | F7: 91 | G7: 90.2534 | H7: =F7-G7 -> 0.7466 | I7: 洪财农指〔2024〕90号 | J7: 省级 | K7: 南财农〔2025〕15号 | L7: 2.8 | M7: 已完成 | N7: =VLOOKUP(D7,Sheet2!F:O,10,FALSE) -> 通过在“十四五”省定重点帮扶村田万村田万村四组道路硬化长约629米等；项目工程完成及时率能达到100%，项目建成后验收合格率能达到100%，道路设计使用年限能达到10年，预期能带动脱贫人口大于等于26人，受益脱贫人口满意度能达到95%以上。 | O7: =VLOOKUP(D7,Sheet2!F:Q,12,FALSE) -> 改善四组村民生产生活条件，方便田万村四组村民出行。提高生活条件，改善农村的整体状况，促进农村经济发展和生活需要，预期直接受益人口约320人，预期能带动脱贫人口大于等于26人。
A8: 4 | B8: 塘南镇富盛村 | C8: 乡村建设类 | D8: 富盛村谢家上老水沟护坡工程 | E8: 富盛村谢家上老水沟硬化长约1232米等 | F8: 82 | G8: 80.0253 | H8: =F8-G8 -> 1.9747 | I8: 洪财农指〔2024〕90号 | J8: 省级 | K8: 南财农〔2025〕15号 | L8: 2.8 | M8: 已完成 | N8: 通过在“十四五”省定重点帮扶村富盛村新建硬化盘龙港至犁园港水沟长约1232米等，项目工程完成及时率能达到100%，项目建成后验收合格率能达到100%，道路设计使用年限能达到10年，预期能带动脱贫人口大于等于25人，受益脱贫人口满意度能达到95%以上。 | O8: 改善农户日常生产生活条件、农田水利条件和脱贫人口生产生活条件，预期受益人口富盛村村民约760人，脱贫人口25人。
A9: 5 | B9: 塘南镇石岗村 | C9: 乡村建设类 | D9: 石岗村石梁王家桥至焦头河排管站道路硬化 | E9: 石岗村道路硬化长约400米等 | F9: 48 | G9: 48 | H9: =F9-G9 -> 0 | I9: 洪财农指〔2024〕107号38万元、洪财农指〔2024〕129号10万元 | J9: 中央38万元、市级10万元 | K9: 南财农〔2025〕15号 | L9: 2.8 | M9: 已完成 | N9: =VLOOKUP(D9,Sheet2!F:O,10,FALSE) -> 通过在“十三五”省定脱贫村石岗村新建硬化道路长约400米等，项目工程完成及时率能达到100%，项目建成后验收合格率能达到100%，道路设计使用年限能达到10年，预期能带动脱贫人口大于等于34人，脱贫户满意度能达到95%以上。 | O9: =VLOOKUP(D9,Sheet2!F:Q,12,FALSE) -> 改善脱贫户生产生活条件，方便石岗村三组村民出行。完善农村道路网建设，改善农村道路状况，促进农村经济发展和方便村民日常出行，预期直接受益人口约550人，预期能带动脱贫人口大于等于34人。
A10: 6 | B10: 塘南镇新光村 | C10: 乡村建设类 | D10: 新光村中心沟护坡工程 | E10: 新光村新建中心沟渠约1203米等 | F10: 89 | G10: 89 | H10: =F10-G10 -> 0 | I10: 洪财农指〔2025〕1号10万元，县级专项79万元 | J10: 市级10万元、县级79万元 | K10: 南财农〔2025〕15号 | L10: 2.8 | M10: 已完成 | N10: 通过在新光村一组新建中心沟渠约1203米等，项目工程完成及时率能达到100%，项目建成后验收合格率能达到100%，预期受益建档立卡脱贫人口数45人，受益脱贫人口满意度能达到95%以上。 | O10: 改善脱贫户生产生活条件，方便新光村一组农业生产。完善农村农业生产，预期直接受益人口约320人，预期能带动脱贫人口大于等于45人。
A11: 7 | B11: 银三角棠左村 | C11: 乡村建设类 | D11: 棠左村壮大村集体经济厂房附属项目 | E11: 新建沟渠长约300米，高1-1.2米，宽1-1.5米等 | F11: 30 | G11: 30 | H11: =F11-G11 -> 0 | I11: 县级专项 | J11: 县级 | K11: 南财农〔2025〕15号 | L11: 2.8 | M11: 已完成 | N11: =VLOOKUP(D11,Sheet2!F:O,10,FALSE) -> 主要提高帮扶产业生产效益，改善脱贫人口生产生活条件，助推村集体经济收入，促进当地农民增产增收，拟新建沟渠长约300米，高1-1.2米，宽1-1.5米等，项目工程完成及时率能达到100%，项目建成后验收合格率能达到100%，设施设计使用年限能达到10年，预期受益人口680人，脱贫人口16人，脱贫人口满意度能达到95%以上。 | O11: =VLOOKUP(D11,Sheet2!F:Q,12,FALSE) -> 带动生产:降低帮扶产业基地生产运输成本，降低村民农业生产运输成本，提高村集体经济收入，促进农民增产增收，预期直接受益面积500亩，预期直接受益人口680人，预期带动脱贫人口16人。
A12: 8 | B12: 冈上镇蚕石村 | C12: 乡村建设类 | D12: 蚕石村早田组机耕道硬化项目 | E12: 道路硬化长约2000米、涵管及设施等 | F12: 125 | G12: 125 | H12: =F12-G12 -> 0 | I12: 洪财农指〔2024〕90号 | J12: 省级 | K12: 南财农〔2025〕15号 | L12: 2.8 | M12: 已完成 | N12: =VLOOKUP(D12,Sheet2!F:O,10,FALSE) -> 通过在“十四五”省定乡村振兴重点帮扶村蚕石村，新建道路硬化长约2000米、涵管及设施等，项目工程完成及时率能达到100%，项目建成后验收合格率能达到100%，道路设计使用年限能达到10年，预期能带动脱贫人口大于或等于16人，脱贫户满意度能达到95%以上。 | O12: =VLOOKUP(D12,Sheet2!F:Q,12,FALSE) -> 降低农民农作物运输成本，促进农民增产增收，预期直接受益面积2000亩，受益人口800人。
A13: 9 | B13: 三江镇岗坊村 | C13: 乡村建设类 | D13: 三江镇岗坊村岭西大桥至岗前桥头路灯亮化工程 | E13: 在岗坊村岭西大桥至岗前桥头公路共3公里新增路灯约150盏等 | F13: 21 | G13: 21 | H13: =F13-G13 -> 0 | I13: 洪财农指〔2024〕90号 | J13: 省级 | K13: 南财农〔2025〕15号 | L13: 2.8 | M13: 已完成 | N13: =VLOOKUP(D13,Sheet2!F:O,10,FALSE) -> 通过在“十四五”省级重点村岗坊村岭西大桥至岗前桥头公路新增路灯约150盏，项目工程完成及时率能达到100%，项目建成后验收合格率能达到100%，项目设计使用年限能达到10年，预期受益脱贫人口23人，脱贫户满意度能达到95%。 | O13: =VLOOKUP(D13,Sheet2!F:Q,12,FALSE) -> 改善村居环境，改善脱贫户生产生活条件，预期受益脱贫人口23人。
A14: 10 | B14: 三江镇岗坊村 | C14: 乡村建设类 | D14: 三江镇岗坊村灵堂至岭西大桥旁的山脚下排水沟工程 | E14: 岗坊村灵堂至昌吉赣铁路脚下新建排水沟约120m，昌吉赣铁路脚下至岭西大桥旁的山脚下新建排水沟约315m，共计新建排水沟约435m等 | F14: 76 | G14: 76 | H14: =F14-G14 -> 0 | I14: 洪财农指〔2024〕90号 | J14: 省级 | K14: 南财农〔2025〕15号 | L14: 2.8 | M14: 已完成 | N14: =VLOOKUP(D14,Sheet2!F:O,10,FALSE) -> 通过在“十四五”省级重点村岗坊村三江镇岗坊村灵堂至岭西大桥旁山脚建设排水沟约435m，项目工程完成及时率能达到100%，项目建成后验收合格率能达到100%，项目设计使用年限能达到10年，预期受益脱贫人口15人，脱贫户满意度能达到95%。 | O14: =VLOOKUP(D14,Sheet2!F:Q,12,FALSE) -> 改善农村灌溉用水状况，改善脱贫户生产生活条件，预期受益脱贫人口15人。
A15: 11 | B15: 黄马乡罗渡村 | C15: 乡村建设类 | D15: 罗渡村北岸排水沟渠护坡工程 | E15: 罗渡村航道东至沥一组间长约480米，高约2.3米的水渠护坡等 | F15: 81 | G15: 81 | H15: =F15-G15 -> 0 | I15: 洪财农指〔2024〕107号71万元、洪财农指〔2024〕129号10万元 | J15: 中央71万元、市级10万元 | K15: 南财农〔2025〕15号 | L15: 2.8 | M15: 已完成 | N15: =VLOOKUP(D15,Sheet2!F:O,10,FALSE) -> 通过对阻碍农田灌溉和排涝的问题进行整治改造提升，在“十三五”省定脱贫村罗渡村航道东至沥一组间长约480米，高2.3米水渠修建护坡，完善农田水利基础设施，保障农业灌溉用水和排涝、改善农业生产条件。项目验收合格率100%，项目完成及时率达100%，受益建档立卡脱贫人口18户52人，脱贫人口满意度达95%。 | O15: =VLOOKUP(D15,Sheet2!F:Q,12,FALSE) -> 项目建成后解决农田灌溉和排涝“最后一公里”问题，完善农田水利基础设施，保障农业灌溉用水和排涝、改善农业生产条件，促进农民保产增收。预期直接受益面积约2143亩，受益人口约2410人，其中脱贫人口52人。
A16: 12 | B16: 黄马乡冯家村 | C16: 乡村建设类 | D16: 冯家村沟渠衬砌工程 | E16: 冯家村徐园组沟渠衬砌长628m等 | F16: 90 | G16: 90 | H16: =F16-G16 -> 0 | I16: 洪财农指〔2024〕90号 | J16: 省级 | K16: 南财农〔2025〕15号 | L16: 2.8 | M16: 已完成 | N16: =VLOOKUP(D16,Sheet2!F:O,10,FALSE) -> 通过在“十四五”省定乡村振兴重点帮扶村冯家村徐园组抽水沟渠衬砌长628m，改善村民生产条件。项目验收合格率达100%，项目完成及时率达100%,受益建档立卡脱贫人口10户25人，脱贫人口满意度达95%。 | O16: =VLOOKUP(D16,Sheet2!F:Q,12,FALSE) -> 项目建成后改善农村生产生活状况，提升农户以及脱贫户的生产条件，促进农民保产增收。预期受益建档立卡脱贫人口10户25人.预期直接收益面积约1168亩，受益人口约810人，其中脱贫人口25人.
A17: 13 | B17: 广福镇广福村 | C17: 乡村建设类 | D17: 广福镇广福村溪山组机耕路硬化工程 | E17: 新建道路硬化长约1140米，宽约3米等。 | F17: 82 | G17: 82 | H17: =F17-G17 -> 0 | I17: 洪财农指〔2025〕1号 | J17: 市级 | K17: 南财农〔2025〕15号 | L17: 2.8 | M17: 已完成 | N17: =VLOOKUP(D17,Sheet2!F:O,10,FALSE) -> 通过在“十四五”县定乡村振兴重点帮扶村广福村新建道路硬化长约1140米，宽约3米；项目工程完成及时率能达到100%，项目建成后验收合格率能达到100%，道路设计使用年限能达到10年，预期受益脱贫人口大于或等于18人，脱贫人口满意度能达到95%以上。 | O17: =VLOOKUP(D17,Sheet2!F:Q,12,FALSE) -> 改善“十四五”县定乡村振兴重点帮扶村广福村道路基础设施条件，完善路网建设，降低农户出行及运输成本，促进农村增产增收，受益人口约220人，其中脱贫人口18人，不断提升农村幸福生活满意度。
A18: 14 | B18: 广福镇木山村 | C18: 乡村建设类 | D18: 广福镇木山村浬湖组至北头村道路硬化工程 | E18: 新建道路硬化长约500米，宽约5米等。 | F18: 60 | G18: 60 | H18: =F18-G18 -> 0 | I18: 洪财农指〔2024〕90号 | J18: 省级 | K18: 南财农〔2025〕15号 | L18: 2.8 | M18: 已完成 | N18: =VLOOKUP(D18,Sheet2!F:O,10,FALSE) -> 通过在“十四五”省定乡村振兴重点帮扶村木山村，新建道路硬化长约500米，宽约5米；项目工程完成及时率能达到100%，项目建成后验收合格率能达到100%，道路设计使用年限能达到10年，预期受益脱贫人口及监测对象45人，脱贫户满意度能达到95%以上。 | O18: =VLOOKUP(D18,Sheet2!F:Q,12,FALSE) -> 主要改善“十四五”省定重点帮扶村木山村生产生活条件，降低农民农作物运输成本，促进农民增产增收，预期直接受益面积500亩，受益人口约900人，不断提升农村幸福生活满意度。
A19: 15 | B19: 南新乡周坊村 | C19: 乡村建设类 | D19: 南新乡周坊村周坊小学渠道桥至南新中学边道路硬化工程项目 | E19: 改建硬化周坊村小学渠道桥至南新中学边道路，长约1300米，宽约3.5米，厚约0.2米等。 | F19: 136 | G19: 125.0086 | H19: =F19-G19 -> 10.9914 | I19: 洪财农指〔2024〕90号 | J19: 省级 | K19: 南财农〔2025〕15号 | L19: 2.8 | M19: 已完成 | N19: =VLOOKUP(D19,Sheet2!F:O,10,FALSE) -> 在“十四五”省定乡村振兴重点帮扶村周坊村建设道路长约1300米，宽约3.5米，厚约0.2米改善周坊村道路基础设施，项目工程完成及时率能达到100%，建设后验收合格率能达到100%，道路设计使用年限能达10年，受益脱贫户3户5人，监测对象1户2人，预期直接受益人口2080人，预期受益面积1720亩，脱贫人口满意度能达95%以上。 | O19: =VLOOKUP(D19,Sheet2!F:Q,12,FALSE) -> 改善“十四五”省定乡村振兴重点帮扶村周坊村道路基础设施条件，完善路网建设，降低农户出行及运输成本，促进农村增产增收，受益脱贫户3户5人，监测对象1户2人，受益人口2080人，受益面积1720亩，不断提升农村幸福生活满意度。
A20: 16 | B20: 南新乡九联村 | C20: 乡村建设类 | D20: 南新乡九联村道路亮化工程项目 | E20: 堤顶公路至村委会门口道路安装路灯约55盏等，中心公路至千秋堂道路安装路灯约14盏等。 | F20: 9.66 | G20: 9.66 | H20: =F20-G20 -> 0 | I20: 洪财农指〔2024〕129号 | J20: 市级 | K20: 南财农〔2025〕15号 | L20: 2.8 | M20: 已完成 | N20: =VLOOKUP(D20,Sheet2!F:O,10,FALSE) -> 在“十三五”省定贫困村九联村安装路灯约69盏，改善九联村道路基础设施，项目工程完成及时率能达到100%，建设后验收合格率能达到100%，道路设计使用年限能达10年，预期直接受益人口约850人，受益脱贫户1户2人，脱贫人口满意度能达95%以上。 | O20: =VLOOKUP(D20,Sheet2!F:Q,12,FALSE) -> 改善“十三五”省定贫困村九联村道路基础设施条件，完善路网建设，降低农户出行及运输成本，促进农村增产增收，受益脱贫人口2人，直接受益人口约800人，不断提升农村幸福生活满意度。
A21: 17 | B21: 南新乡团结村 | C21: 乡村建设类 | D21: 南新乡团结公路至团结小学道路硬化工程项目 | E21: 改建硬化道路长约160米，宽约3.5米，厚约0.2米的道路等。 | F21: 20 | G21: 20 | H21: =F21-G21 -> 0 | I21: 洪财农指〔2024〕107号10万元、洪财农指〔2024〕129号10万元 | J21: 中央10万元、市级10万元 | K21: 南财农〔2025〕15号 | L21: 2.8 | M21: 已完成 | N21: =VLOOKUP(D21,Sheet2!F:O,10,FALSE) -> 在“十三五”省定贫困村团结村道路硬化长约160米，宽约3.5米，厚约0.2米；项目工程完成及时率能达到100%，项目建成后验收合格率能达到100%，道路设计使用年限能达到10年，预期能带动脱贫人口20人，脱贫户满意度能达到95%以上。 | O21: =VLOOKUP(D21,Sheet2!F:Q,12,FALSE) -> 改善“十三五”省定贫困村团结村道路基础设施条件，完善路网建设，降低农户出行及运输成本，促进农村增产增收，受益脱贫人口20人，直接受益人口约300人，不断提升农村幸福生活满意度。
A22: 18 | B22: 南新乡中徐村 | C22: 乡村建设类 | D22: 南新乡中徐村一组至四组道路硬化工程项目 | E22: 改建硬化村一组至村四组道路，全长约900米，宽约4米，厚约0.2米等。 | F22: 115 | G22: 115 | H22: =F22-G22 -> 0 | I22: 洪财农指〔2024〕90号 | J22: 省级 | K22: 南财农〔2025〕15号 | L22: 2.8 | M22: 已完成 | N22: =VLOOKUP(D22,Sheet2!F:O,10,FALSE) -> 在“十四五”省定乡村振兴重点帮扶村中徐村建设道路长约900米，宽约4米，厚约0.2米。项目工程完成及时率能达到100%，建设后验收合格率能达到100%，道路设计使用年限能达10年，预期受益脱贫户监测对象10户21人，监测对象1户2人，脱贫人口满意度能达95%以上。 | O22: =VLOOKUP(D22,Sheet2!F:Q,12,FALSE) -> 改善“十四五”省定乡村振兴重点帮扶村中徐村道路基础设施条件，完善路网建设，降低农户出行及运输成本，促进农村增产增收，受益脱贫人口21人，直接受益人口约3400人，不断提升农村幸福生活满意度。
A23: 19 | B23: 向塘镇璜溪村 | C23: 乡村建设类 | D23: 向塘镇璜溪村王家桥至合气桥二干渠道路硬化项目 | E23: 道路硬化长约1290米等 | F23: 80 | G23: 80 | H23: =F23-G23 -> 0 | I23: 洪财农指〔2024〕107号70万元、洪财农指〔2024〕129号10万元 | J23: 中央70万元、市级10万元 | K23: 南财农〔2025〕15号 | L23: 2.8 | M23: 已完成 | N23: =VLOOKUP(D23,Sheet2!F:O,10,FALSE) -> 通过在“十三五”脱贫村璜溪村王家村小组至合气桥二干渠道路硬化1290米等，项目工程完成及时率能达到100%，项目建成后验收合格率能达到100%，设计使用年限能达到10年，预期能带动脱贫人口大于等于26人，脱贫户满意度能达到95%以上。 | O23: =VLOOKUP(D23,Sheet2!F:Q,12,FALSE) -> 改善村居环境和脱贫人口生产生活条件，方便村民出行。预期受益面积1500余亩，受益人口1800余人。
A24: 20 | B24: 塔城乡湖陂村 | C24: 乡村建设类 | D24: 2025年彭家基础设施项目 | E24: 池塘护坡改造、机耕道硬化及沟渠建设等 | F24: 94 | G24: 94 | H24: =F24-G24 -> 0 | I24: 洪财农指〔2024〕107号84万元、洪财农指〔2024〕129号10万元 | J24: 中央84万元、市级10万元 | K24: 南财农〔2025〕15号 | L24: 2.8 | M24: 已完成 | N24: 通过在省“十三五”脱贫村湖陂村池塘护坡改造、机耕道硬化及沟渠建设等，项目工程完成及时率能达到100%，项目建成后验收合格率能达到100%，设计使用年限能达到20年，预期能带动脱贫人口大于等于50人，脱贫户满意度能达到95%以上。 | O24: 改善农户日常生产生活条件、村居环境、农田使用状况和脱贫人口生产生活条件，为原先荒废农田提供便利耕种条件，预期受益人口湖陂村村民约1000人，脱贫人口17人。
A25: 21 | B25: 塔城乡塔城村 | C25: 乡村建设类 | D25: 2025年塔城乡塔城村沟渠改造项目 | E25: 沟渠改造修建护坡长约700米等 | F25: 94 | G25: 94 | H25: =F25-G25 -> 0 | I25: 洪财农指〔2024〕90号 | J25: 省级 | K25: 南财农〔2025〕15号 | L25: 2.8 | M25: 已完成 | N25: =VLOOKUP(D25,Sheet2!F:O,10,FALSE) -> 通过在“十四五”省级重点帮扶村塔城村沟渠改造修建护坡长约700米，项目工程完成及时率能达到100%，项目建成后验收合格率能达到100%，道路设计使用年限能达到20年，预期能带动脱贫人口大于等于49人，脱贫户满意度能达到95%以上。 | O25: =VLOOKUP(D25,Sheet2!F:Q,12,FALSE) -> 改善农户日常生产生活条件、村居环境、农田使用状况和脱贫人口生产生活条件，为原先荒废农田提供便利耕种条件，预期受益人口塔城村村民约1000人，脱贫人口50人。
A26: 22 | B26: 塔城乡塔城村 | C26: 乡村建设类 | D26: 2025年塔城村村庄亮灯工程 | E26: 采购路灯一批约150盏等 | F26: 21 | G26: 21 | H26: =F26-G26 -> 0 | I26: 洪财农指〔2024〕90号 | J26: 省级 | K26: 南财农〔2025〕15号 | L26: 2.8 | M26: 已完成 | N26: =VLOOKUP(D26,Sheet2!F:O,10,FALSE) -> 通过在“十四五”省级重点帮扶村塔城村沟渠采购路灯一批，项目工程完成及时率能达到100%，项目建成后验收合格率能达到100%，道路设计使用年限能达到10年，预期直接受益人口约2000人以上，脱贫户满意度能达到95%以上。 | O26: =VLOOKUP(D26,Sheet2!F:Q,12,FALSE) -> 改善出行照明状况，方便村民出行和促进农村经济发盏。预期受益人口塔城村村民约2000人，脱贫人口50人以上。
A27: 23 | B27: 塔城乡青岚村 | C27: 乡村建设类 | D27: 2025年青岚村村庄亮灯工程 | E27: 采购路灯一批约150盏等 | F27: 21 | G27: 21 | H27: =F27-G27 -> 0 | I27: 洪财农指〔2025〕1号17.5万元，县级3.5万元 | J27: 市级17.5万元、县级3.5万元 | K27: 南财农〔2025〕15号 | L27: 2.8 | M27: 已完成 | N27: =VLOOKUP(D27,Sheet2!F:O,10,FALSE) -> 通过在“十四五”省级重点帮扶村塔城村沟渠采购路灯一批，项目工程完成及时率能达到100%，项目建成后验收合格率能达到100%，道路设计使用年限能达到10年，预期直接受益人口约2000人以上，脱贫户满意度能达到965%以上。 | O27: =VLOOKUP(D27,Sheet2!F:Q,12,FALSE) -> 改善出行照明状况，方便村民出行和促进农村经济发盏。预期受益人口塔城村村民约2000人，脱贫人口90人以上。
A28: 24 | B28: 泾口乡东岗村 | C28: 乡村建设类 | D28: 泾口乡东岗村联新公路路灯安装工程 | E28: 安装太阳能路灯400盏等 | F28: 56 | G28: 56 | H28: =F28-G28 -> 0 | I28: 洪财农指〔2024〕107号46万元、洪财农指〔2024〕129号10万元 | J28: 中央46万元、市级10万元 | K28: 南财农〔2025〕15号 | L28: 2.8 | M28: 已完成 | N28: =VLOOKUP(D28,Sheet2!F:O,10,FALSE) -> 通过在“十三五”省定脱贫村东岗村安装太阳能路灯400盏。项目工程完成及时率能达到100%，项目建成后验收合格率能达到100%，道路设计使用年限能达到10年，预期能带动脱贫人口大于等于43人，脱贫户满意度能达到95%以上。 | O28: =VLOOKUP(D28,Sheet2!F:Q,12,FALSE) -> 改善脱贫户生产生活条件，方便村民日常出行，预期受益人口1888人，脱贫人口43人。
A29: 25 | B29: 南新乡周坊村 | C29: 乡村建设类 | D29: 南新乡周坊村新户型周边道路改造工程项目 | E29: 硬化以下道路：东南主道路长约360米，宽约3米，厚约0.2米等；南部向东与南兴路连接段道路长越440米，宽约2.5米，厚约0.15米等；南部向西与市政旁道路连接段长约360米，宽约2.5米，厚约0.2米等；农庄水塘旁道路长约440米，宽约2.5米，厚约0.2米等。 | F29: 80 | G29: 80 | H29: =F29-G29 -> 0 | I29: 洪财农指〔2024〕90号 | J29: 省级 | K29: 南财农〔2025〕15号 | L29: 2.8 | M29: 已完成 | N29: 通过在“十四五”省定贫困村团结村，新建道路硬化长约1600米，宽约2.5-3.0米不等，厚约0.15-0.2米不等；项目工程完成及时率能达到100%，项目建成后验收合格率能达到100%，道路设计使用年限能达到10年，预期能带动脱贫人口大于或等于5人，脱贫户满意度能达到95%以上。 | O29: 改善“十四五”省定贫困村周坊村道路基础设施条件，完善路网建设，降低农户出行及运输成本，促进农村增产增收，受益脱贫人口5人，直接受益人口约300人，不断提升农村幸福生活满意度。
A30: 26 | B30: 泾口乡东湖村 | C30: 乡村建设类 | D30: 东湖村、北山村联村壮大村集体经济项目变压器安装工程 | E30: 安装500千瓦的变压器一台等 | F30: 25.9 | G30: 25.9 | H30: =F30-G30 -> 0 | I30: 县级专项 | J30: 县级 | K30: 南财农〔2025〕54号 | L30: 5.10 | M30: 已完成 | N30: 通过财政衔接推进乡村振兴项目资金，在东湖村新建厂房一栋，用于农业生产服务，壮大村集体经济，项目完成及时率能达到100%，项目验收合格率能达到100%，设计使用年限能达到10年，成本控制率345万元（含）以内，预期壮大村集体经济收入12-15万元。 | O30: 壮大村集体经济收益、预期为村集体经济带来约12-15万元收益，预期带动2到3名脱贫对象就业务工，每年约增加务工收入1万元。
A31: 27 | B31: 泾口乡东方村 | C31: 乡村建设类 | D31: 泾口乡东方村邹家道路硬化工程 | E31: 道路硬化长约265米、宽5米,C20挡土墙长约81米等 | F31: 65 | G31: 60.3204 | H31: =F31-G31 -> 4.6796 | I31: 县级专项 | J31: 县级 | K31: 南财农〔2025〕54号 | L31: 5.10 | M31: 已完成 | N31: =VLOOKUP(D31,Sheet2!F:O,10,FALSE) -> 通过在“十四五”省定乡村振兴重点帮扶村东方村邹家道路硬化长约265米、宽5米、C20挡土墙长约81米。项目工程完成及时率能达到100%，项目建成后验收合格率能达到100%，项目设计使用年限能达到10年，预期受益人口291人，受益脱贫及监测人口32人，脱贫人口满意度能达到95%以上。 | O31: =VLOOKUP(D31,Sheet2!F:Q,12,FALSE) -> 完善农村道路网建设，改善农村道路状况，促进农村经济发展和方便村民日常出行，预期直接受益人口291人，脱贫及监测人口32人。
A32: 28 | B32: 塘南镇西河村 | C32: 乡村建设类 | D32: 西河村一组农业生产沟渠红石护坡项目 | E32: 西河村农业生产沟渠红石护坡长约850米等。 | F32: 153 | G32: 145.7752 | H32: =F32-G32 -> 7.2248 | I32: 洪财农指〔2024〕107号153万元 | J32: 中央 | K32: 南财农〔2025〕54号 | L32: 5.10 | M32: 已完成 | N32: 通过在“十三五”省定脱贫村西河村一组农业生产沟渠红石护坡长约850米，等。项目工程完成及时率能达到100%，项目建成后验收合格率能达到100%，预期能带动脱贫人口大于等于26人，脱贫户满意度能达到95%以上。 | O32: 主要改善“十三五”定点帮扶村西河村村居环境和改善西河村农业生产灌溉，脱贫人口生产生活条件，预期受益人口西河村村民约1983人，脱贫人口26人，不断提升农村幸福生活满意度。
A33: 29 | B33: 塘南镇富盛村 | C33: 乡村建设类 | D33: 富盛村肖家洲后水沟护坡工程 | E33: 富盛村肖家洲后水沟护坡建设长约892米等 | F33: 112 | G33: 108.6634 | H33: =F33-G33 -> 3.3366 | I33: 县级专项 | J33: 县级 | K33: 南财农〔2025〕54号 | L33: 5.10 | M33: 已完成 | N33: 通过在“十四五”省定重点帮扶村富盛村新建硬化富盛村肖家洲后水沟护坡长约892米等，项目工程完成及时率能达到100%，项目建成后验收合格率能达到100%，道路设计使用年限能达到10年，预期能带动脱贫人口大于等于56人，受益脱贫人口满意度能达到95%以上。 | O33: 改善农户日常生产生活条件、农田水利条件和脱贫人口生产生活条件，预期受益人口富盛村村民约806人，脱贫人口56人。
A34: 30 | B34: 塘南镇田万村 | C34: 乡村建设类 | D34: 田万村二组沟渠护坡工程 | E34: 田万村二组新建沟渠护坡长约803米等 | F34: 72 | G34: 72 | H34: =F34-G34 -> 0 | I34: 县级专项 | J34: 县级 | K34: 南财农〔2025〕54号 | L34: 5.10 | M34: 已完成 | N34: 通过在“十四五”省定重点帮扶村田万村二组沟渠护坡长约803米等；项目工程完成及时率能达到100%，项目建成后验收合格率能达到100%，沟渠设计使用年限能达到10年，预期能带动脱贫人口大于等于10人，受益脱贫人口满意度能达到95%以上。 | O34: 改善田万村二组农业生产条件，方便田万村二组村民农田灌溉。完善农村沟渠建设，改善农村整体生产状况，促进农村经济发展和生产需要，预期直接受益人口约520人，预期能带动脱贫人口大于等于10人。
A35: 31 | B35: 黄马乡白城村 | C35: 乡村建设类 | D35: 黄马乡白城村东牌头上石桥改建项目 | E35: 改建桥长约6米，宽约4米；桥面两端硬化长度约40米，宽约3米等 | F35: 33 | G35: 33 | H35: =F35-G35 -> 0 | I35: 县级专项 | J35: 县级 | K35: 南财农〔2025〕54号 | L35: 5.10 | M35: 已完成 | N35: =VLOOKUP(D35,Sheet2!F:O,10,FALSE) -> 通过在“十三五”市定脱贫村白城村东牌头上石桥改建项目，桥面两端硬化长度40米，宽3米。项目验收合格率达100%，项目完成及时率达100%。受益建档立卡脱贫人口7户16人，脱贫人口满意度达95%。 | O35: =VLOOKUP(D35,Sheet2!F:Q,12,FALSE) -> 项目建成后改善农村生产生活状况，提升农户以及脱贫户的生产条件，促进农村经济发展和方便村民日常出行。预期直接受益面积约1185亩，受益人口约1200人，其中脱贫人口16人。
A36: 32 | B36: 黄马乡罗渡村 | C36: 乡村建设类 | D36: 罗渡村太阳能路灯安装工程 | E36: 罗渡村14个自然村，新增太阳能路灯约100盏等 | F36: 14 | G36: 14 | H36: =F36-G36 -> 0 | I36: 县级专项 | J36: 县级 | K36: 南财农〔2025〕54号 | L36: 5.10 | M36: 已完成 | N36: =VLOOKUP(D36,Sheet2!F:O,10,FALSE) -> 通过在“十三五”省定脱贫村罗渡村安装太阳能路灯，改善村民生产生活条件。项目验收合格率达100%，项目完成及时率达100%,受益建档立卡脱贫人口18户52人，脱贫人口满意度达95%。 | O36: =VLOOKUP(D36,Sheet2!F:Q,12,FALSE) -> 项目建成后改善农村生产生活状况，提升农户以及脱贫户的生产条件，促进农村经济发展和方便村民日常出行。预期直接受益面积约2143亩，受益人口约2410人，其中脱贫人口52人。
A37: 33 | B37: 黄马乡冯家村 | C37: 乡村建设类 | D37: 冯家村朱坊组庵下塘护坡工程 | E37: 护坡长约260m，高约4m，宽平均0.75m。 | F37: 50 | G37: 50 | H37: =F37-G37 -> 0 | I37: 县级专项 | J37: 县级 | K37: 南财农〔2025〕54号 | L37: 5.10 | M37: 已完成 | N37: =VLOOKUP(D37,Sheet2!F:O,10,FALSE) -> 通过在“十四五”省定乡村振兴重点帮扶村冯家村朱坊组庵下塘整治项目，改善村民生产条件。项目验收合格率达100%，项目完成及时率达100%,受益建档立卡脱贫人口4户6人，脱贫人口满意度达95%。 | O37: =VLOOKUP(D37,Sheet2!F:Q,12,FALSE) -> 项目建成后改善农村生产生活状况，提升农户以及脱贫户的生产条件，促进农民保产增收。预期受益建档立卡脱贫人口4户6人.预期直接受益面积约642亩，收益人口约616人，其中脱贫人口6人.
A38: 34 | B38: 南新乡九联村 | C38: 乡村建设类 | D38: 南新乡九联村洲美自然村渠道护坡工程项目 | E38: 洲美自然村渠道护坡长约150米。 | F38: 7.5 | G38: 7.5 | H38: =F38-G38 -> 0 | I38: 洪财农指〔2024〕129号0.34万元、县级专项7.16万元 | J38: 市级0.34万元、县级7.16万元 | K38: 南财农〔2025〕54号 | L38: 5.10 | M38: 已完成 | N38: 在“十三五”省定贫困村九联村洲美自然村修建渠道护坡长220米，改善九联村农业生产基础设施条件，项目工程完成及时率能达到100%，建设后验收合格率能达到100%，道路设计使用年限能达10年，预期直接受益人口约850人，受益脱贫户1户2人，脱贫人口满意度能达95%以上。 | O38: 改善“十三五”省定贫困村九联村农业生产基础设施条件，完善农业灌溉网络，降低农业生产成本和抗旱能力，促进农村增产增收，受益脱贫人口2人，直接受益人口约850人，不断提升农村幸福生活满意度。
A39: 35 | B39: 武阳镇楞上村 | C39: 乡村建设类 | D39: 楞上村农田灌溉线路改造工程 | E39: 在全村范围内进行农田灌溉线路改造约6500米，线缆长度约19500米等。 | F39: 50 | G39: 50 | H39: =F39-G39 -> 0 | I39: 县级专项 | J39: 县级 | K39: 南财农〔2025〕54号 | L39: 5.10 | M39: 已完成 | N39: =VLOOKUP(D39,Sheet2!F:O,10,FALSE) -> 通过在“十四五”省定乡村振兴重点帮扶村楞上村全村范围内实施灌溉线路改造，改造灌溉电线约6500米，改善村民灌溉用电条件，实现灌溉用电安全。项目工程完成及时率能达到100%，项目建成后验收合格率能达100%，电线改造使用年限能达到10年，预期受益面积2424亩，受益人口2500余人，村民满意度能达到95%以上。 | O39: =VLOOKUP(D39,Sheet2!F:Q,12,FALSE) -> 预期受益面积2424亩，受益人口2500余人，改善村民灌溉用电条件，实现灌溉用电安全，村民满意度能达到95%以上。
A40: 36 | B40: 广福镇木山村 | C40: 乡村建设类 | D40: 广福镇木山村朱家垅至上头沟道路硬化工程 | E40: 新建道路硬化长约350米，宽约3米等。 | F40: 25 | G40: 25 | H40: =F40-G40 -> 0 | I40: 县级专项 | J40: 县级 | K40: 南财农〔2025〕54号 | L40: 5.10 | M40: 已完成 | N40: =VLOOKUP(D40,Sheet2!F:O,10,FALSE) -> 通过在“十四五”省定乡村振兴重点帮扶村木山村，新建道路硬化长约350米，宽约3米；项目工程完成及时率能达到100%，项目建成后验收合格率能达到100%，道路设计使用年限能达到10年，预期受益脱贫户20人，脱贫户满意度能达到95%以上。 | O40: =VLOOKUP(D40,Sheet2!F:Q,12,FALSE) -> 主要改善“十四五”省定重点帮扶村木山村生产生活条件，降低农民农作物运输成本，促进农民增产增收，预期直接受益面积400亩，受益人口约600人，其中脱贫户及监测对象20人。
A41: 37 | B41: 广福镇北头村 | C41: 乡村建设类 | D41: 广福镇北头村黄岗西边村道硬化工程 | E41: 新建道路硬化长约200米，宽约4米等。 | F41: 22 | G41: 22 | H41: =F41-G41 -> 0 | I41: 洪财农指〔2024〕129号10万元、县级专项12万元 | J41: 市级10万元、县级12万元 | K41: 南财农〔2025〕54号 | L41: 5.10 | M41: 已完成 | N41: 新建道路硬化，道路长度约为200米，项目工程完成及时率能达到100%，项目建成后验收合格率能达到100%，道路设计使用年限达到10年，预期受益脱贫人口大于或等于10人，脱贫户满意度达到95%以上。 | O41: 主要改善“十三五”市级脱贫村的生产生活条件，方便北头黄岗组的村民出行。完善农村道路网建设，改善农村道路状况，促进农村经济发展和方便村民日常出行，受益人口400人，其中受益脱贫人口大于或等于10人。
A42: 38 | B42: 三江镇岗坊村 | C42: 乡村建设类 | D42: 三江镇岗坊村菱上村小组沟渠护坡维修项目 | E42: 在岗坊村菱上村小组维修沟渠护坡约60m等 | F42: 5 | G42: 5 | H42: =F42-G42 -> 0 | I42: 县级专项 | J42: 县级 | K42: 南财农〔2025〕54号 | L42: 5.10 | M42: 已完成 | N42: 通过在“十四五”省级重点村岗坊村菱上村小组维修沟渠护坡约60m，项目工程完成及时率能达到100%，项目建成后验收合格率能达到100%，项目设计使用年限能达到10年，预期受益脱贫人口16人，脱贫户满意度能达到95%。 | O42: 改善农村灌溉用水状况，改善脱贫户生产生活条件，预期受益脱贫人口16人。
A43: 39 | B43: 三江镇汗塘村 | C43: 乡村建设类 | D43: 汗塘村新居小组至前坪村小组排水渠拆除重建项目 | E43: 对新居小组至前坪村小组灌溉水渠进行拆除重建，水渠长约685米等 | F43: 100 | G43: 95.4635 | H43: =F43-G43 -> 4.5365 | I43: 洪财农指〔2024〕129号10万元、县级专项90万元 | J43: 市级10万元、县级90万元 | K43: 南财农〔2025〕54号 | L43: 5.10 | M43: 已完成 | N43: =VLOOKUP(D43,Sheet2!F:O,10,FALSE) -> 通过在“十三五”市级脱贫村汗塘村新居小组至前坪村小组灌溉水渠进行拆除重建，水渠长约685米，项目工程完成及时率能达到100%，项目建成后验收合格率能达到100%，项目设计使用年限能达到10年，预期受益脱贫人口数17人，脱贫户满意度能达到95%。 | O43: =VLOOKUP(D43,Sheet2!F:Q,12,FALSE) -> 改善农村灌溉用水状况，促进农村经济发展，预期受益脱贫人口17人。
A44: 40 | B44: 塔城乡青岚村 | C44: 乡村建设类 | D44: 2025年塔城乡青岚村产业基础设施项目 | E44: 青岚村乡村振兴产业厂房四周道路硬化、内部生产用电线路安装等 | F44: 45 | G44: 45 | H44: =F44-G44 -> 0 | I44: 县级专项41.296287万元、24年项目结余收回资金3.703713万元 | J44: 县级 | K44: 南财农〔2025〕65号 | L44: 7.22 | M44: 已完成 | N44: 通过在“十四五”市级重点帮扶村青岚村建设产业基础设施项目，用于青岚村产业类项目发展需要。项目工程完成及时率能达到100%，项目建成后验收合格率能达到100%。项目工程完成及时率能达到100%，项目建成后验收合格率能达到100%，受益脱贫人口45户97人，预期受益人口约500人，脱贫户满意度能达到95%以上,群众满意度能达到95%以上。 | O44: 将有效提升产业项目加工生产和存储能力以确保乡村振兴产业项目按期投产，受益脱贫户45户97人，监测对象1户3人。为就近务工群众创造有利条件，提高家庭经济收入，方便当地农民就近就业
A45: 41 | B45: 向塘镇棠墅村 | C45: 乡村建设类 | D45: 棠墅村2025年度太阳能路灯安装项目 | E45: 安装路灯约210盏等 | F45: 29.4 | G45: 29.4 | H45: =F45-G45 -> 0 | I45: 县级专项 | J45: 县级 | K45: 南财农〔2025〕65号 | L45: 7.22 | M45: 已完成 | N45: 通过在棠墅村安装太阳能路灯210盏等，项目工程完成及时率能达到100%，项目建成后验收合格率能达到100%，预期受益建档立卡脱贫人口数31人，受益脱贫人口满意度能达到95%以上。 | O45: 改善棠墅村村民、脱贫户生产生活条件，方便村民农业生产。完善农村农业生产，预期直接受益人口约1200人，预期能带动脱贫人口大于等于31人。
A46: 42 | B46: 泾口乡东岗村 | C46: 乡村建设类 | D46: 泾口乡东岗村老上岸机耕路硬化工程 | E46: 道路硬化长约1200米、宽3.5米等 | F46: 94 | G46: 94 | H46: =F46-G46 -> 0 | I46: 洪财农指〔2024〕107号94万元 | J46: 中央 | K46: 南财农〔2025〕65号 | L46: 7.22 | M46: 已完成 | N46: =VLOOKUP(D46,Sheet2!F:O,10,FALSE) -> 通过在“十三五”省定脱贫村东岗村新建道路硬化长约1100米、宽3米。项目工程完成及时率能达到100%，项目建成后验收合格率能达到100%，道路设计使用年限能达到10年，预期能带动脱贫人口大于等于43人，脱贫户满意度能达到95%以上。 | O46: =VLOOKUP(D46,Sheet2!F:Q,12,FALSE) -> 完善农村道路网建设，改善农村道路状况，促进农村经济发展和方便村民日常出行，加快乡村振兴建设，预期受益人口1888人，脱贫人口43人。
A47: 43 | B47: 泾口乡大浦村 | C47: 乡村建设类 | D47: 泾口乡大浦邓家中心道路硬化工程 | E47: 道路硬化长约1000米、宽约5米等 | F47: 190 | G47: 180.7251 | H47: =F47-G47 -> 9.2749 | I47: 24年项目结余收回资金 | J47: 24年项目结余收回资金 | K47: 南财农〔2025〕65号 | L47: 7.22 | M47: 已完成 | N47: =VLOOKUP(D47,Sheet2!F:O,10,FALSE) -> 通过在“十四五”省定重点帮扶村大浦村新建硬化道路长约1000米，宽约5米，项目工程完成及时率能达到100%，项目建成后验收合格率能达到100%，道路设计使用年限能达到10年，预期能带动脱贫人口大于等于93人，脱贫户满意度能达到95%以上。 | O47: =VLOOKUP(D47,Sheet2!F:Q,12,FALSE) -> 改善农户日常生产生活条件、村居环境、农村道路状况和脱贫人口生产生活条件，预期受益人口2100人，脱贫人口93人。
A48: 44 | B48: 泾口乡东方村 | C48: 乡村建设类 | D48: 泾口乡东方村熊家沟渠衬砌工程 | E48: 沟渠衬砌长960米、宽1.6米高1.2米等 | F48: 85 | G48: 85 | H48: =F48-G48 -> 0 | I48: 县级专项 | J48: 县级 | K48: 南财农〔2025〕65号 | L48: 7.22 | M48: 已完成 | N48: =VLOOKUP(D48,Sheet2!F:O,10,FALSE) -> 通过在“十四五”省定乡村振兴重点帮扶村东方村熊家沟渠衬砌长约960米、宽1.6米、高1.2米等。项目工程完成及时率能达到100%，项目建成后验收合格率能达到100%，道路设计使用年限能达到10年，预期能带动脱贫人口大于等于32人，脱贫户满意度能达到95%以上。 | O48: =VLOOKUP(D48,Sheet2!F:Q,12,FALSE) -> 改善脱贫户生产生活条件，促进农民增产增收，加快乡村振兴建设，预期受益人口291人，脱贫人口32人。
A49: 45 | B49: 蒋巷镇立新村 | C49: 乡村建设类 | D49: 2025年立新村水塘护坡项目 | E49: 修建护坡750米等 | F49: 92 | G49: 92 | H49: =F49-G49 -> 0 | I49: 洪财农指〔2024〕107号92万元 | J49: 中央 | K49: 南财农〔2025〕65号 | L49: 7.22 | M49: 已完成 | N49: =VLOOKUP(D49,Sheet2!F:O,10,FALSE) -> 通过在“十三五”脱贫村蒋巷镇立新村修建护坡600米，项目工程完成及时率能达到100%，项目建成后验收合格率能达到100%，道路设计使用年限能达到10年，预期受益人口840人，受益脱贫及监测人口69人。脱贫户满意度能达到95%以上。 | O49: =VLOOKUP(D49,Sheet2!F:Q,12,FALSE) -> 改善农户及脱贫监测人口，日常生产生活条件、村居环境、农村道路状况和脱贫人口生产生活条件，预期受益人口840人，受益脱贫及监测人口69人。
A50: 46 | B50: 蒋巷镇三洞村 | C50: 乡村建设类 | D50: 2025年三洞村南池子机耕道硬化项目一期 | E50: 道路长度约1100米等 | F50: 80 | G50: 80 | H50: =F50-G50 -> 0 | I50: 洪财农指〔2024〕107号51万元、洪财农指〔2024〕90号27万元、县级专项2万元 | J50: 中央51万元、省级27万元、县级2万元 | K50: 南财农〔2025〕65号 | L50: 7.22 | M50: 已完成 | N50: 通过在“十三五”脱贫村蒋巷镇三洞村改建硬化道路长约1100米，项目工程完成及时率能达到100%，项目建成后验收合格率能达到100%，道路设计使用年限能达到10年，预期受益人口2800人，受益脱贫及监测人口141人，脱贫户满意度能达到95%以上。 | O50: 改善农户及脱贫监测人口日常生产生活条件、村居环境、农村道路状况和脱贫人口生产生活条件，预期受益人口2800人，受益脱贫及监测人口141人
A51: 47 | B51: 银三角春溪村 | C51: 乡村建设类 | D51: 银三角春溪村沟渠机耕道改建工程项目 | E51: 沟渠改建长约450米，高1-1.5米，宽1.2-1.5米，机耕道改建长约280米、宽4米等 | F51: 66 | G51: 66 | H51: =F51-G51 -> 0 | I51: 县级专项 | J51: 县级 | K51: 南财农〔2025〕65号 | L51: 7.22 | M51: 已完成 | N51: =VLOOKUP(D51,Sheet2!F:O,10,FALSE) -> 主要改善“十四五”县定乡村振兴重点帮扶村春溪村村居环境、改善脱贫人口生产生活条件，促进当地农民增产增收，拟改建沟渠长约450米，高1-1.5米，宽1.2-1.5米；改建机耕道长约280米、宽4米。项目工程完成及时率能达到100%，项目建成后验收合格率能达到100%，设施设计使用年限能达到10年，预期能带动脱贫人口大于等于27人，脱贫人口满意度能达到95%以上。 | O51: =VLOOKUP(D51,Sheet2!F:Q,12,FALSE) -> 带动生产:降低村民农业生产运输成本，促进农民增产增收，预期直接受益面积1100亩，受益人口900人，预期带动脱贫人口27人。
A52: 1 | B52: 武阳镇郭上村 | C52: 产业发展类 | D52: 郭上村朱坊村楞上村联村水稻种业产业链延伸工程 | E52: 稻谷烘干设备以及配套设施等 | F52: 320 | G52: 320 | H52: =F52-G52 -> 0 | I52: 洪财农指〔2024〕129号10万元、县级专项310万元 | J52: 市级10万元、县级310万元 | K52: 南财农〔2025〕15号 | L52: 2.8 | M52: 已完成 | N52: =VLOOKUP(D52,Sheet2!F:O,10,FALSE) -> 深入践行“粮头食尾、农头工尾”发展理念，通过加强联村厂房设施设备建设，培育水稻产业加工型链长，形成具有武阳特色的水稻种业研发、育秧、加工、销售等产业链条，推动乡村全产业链升级，增强市场竞争力和可持续发展能力。增加农民就业岗位6人，人均增加就业收入1.6万元左右，受益脱贫户和监测对象约100人，每年增加村集体收入约12.8万元。项目工程完成及时率能达到100%，项目建成后验收合格率能达到100%，脱贫户满意度能达到95%以上。 | O52: =VLOOKUP(D52,Sheet2!F:Q,12,FALSE) -> 带动农户务工增收约6人，受益脱贫户和监测对象约100人，增加村集体收益约12.8万元。
A53: 2 | B53: 幽兰镇黄坊村 | C53: 产业发展类 | D53: 幽兰镇黄坊村产业帮扶项目 | E53: 新建1栋产业帮扶厂房及相关配套设施等 | F53: 300 | G53: 290.2249 | H53: =F53-G53 -> 9.7751 | I53: 洪财农指〔2024〕90号 | J53: 省级 | K53: 南财农〔2025〕15号 | L53: 2.8 | M53: 已完成 | N53: =VLOOKUP(D53,Sheet2!F:O,10,FALSE) -> 通过在“十四五”省级重点帮扶村黄坊村新建1栋产业帮扶厂房（约1500平）及相关配套设施，项目工程完成及时率能达到100%，项目建成后验收合格率能达到100%，预期能带动脱贫及监测人口24人，带动农户务工30人，增加村集体经济收入约11万元，脱贫户满意度能达到95%以上。 | O53: =VLOOKUP(D53,Sheet2!F:Q,12,FALSE) -> 带动农户务工增收约30人，受益脱贫户约24人，增加村集体收益约11万元。
A54: 3 | B54: 幽兰镇渡头村 | C54: 产业发展类 | D54: 幽兰镇联村（渡头、罗舍、南山）产业帮扶项目 | E54: 新建1栋产业帮扶厂房及相关配套设施等 | F54: 350 | G54: 330.4562 | H54: =F54-G54 -> 19.5438 | I54: 洪财农指〔2024〕107号330万元、洪财农指〔2024〕129号20万元 | J54: 中央330万元、市级20万元 | K54: 南财农〔2025〕15号 | L54: 2.8 | M54: 已完成 | N54: =VLOOKUP(D54,Sheet2!F:O,10,FALSE) -> 通过在渡头村新建1栋产业帮扶厂房（约2000平）及相关配套设施，项目工程完成及时率能达到100%，项目建成后验收合格率能达到100%，预期能带动脱贫及监测人口24人，带动农户务工30人，增加村集体经济收入约14万元，脱贫户满意度能达到95%以上。 | O54: =VLOOKUP(D54,Sheet2!F:Q,12,FALSE) -> 带动农户务工增收约30人，受益脱贫户约24人，增加村集体收益约14万元。
A55: 4 | B55: 塘南镇篁山村 | C55: 产业发展类 | D55: 塘南镇西河村、篁山村联村发展新型农村集体经济项目 | E55: 新建钢结构厂房约2400㎡等 | F55: 300 | G55: 295.4632 | H55: =F55-G55 -> 4.5368 | I55: 洪财农指〔2024〕107号227万元、洪财农指〔2024〕90号9万元、洪财农指〔2025〕1号4.5万元、县级专项59.5万元 | J55: 中央227万元、省级9万元、市级4.5万元、县级59.5万元 | K55: 南财农〔2025〕15号 | L55: 2.8 | M55: 已完成 | N55: =VLOOKUP(D55,Sheet2!F:O,10,FALSE) -> 通过在篁山村小学新建钢结构厂房，面积约2400㎡等，项目工程完成及时率能达到100%，项目建成后验收合格率能达到100%，预期能带动脱贫及监测劳动力就业5人，增加就业人员每人每年收入1万元，增加村集体经济收入约16.5万元，受益脱贫人口满意度能达到95%以上。 | O55: =VLOOKUP(D55,Sheet2!F:Q,12,FALSE) -> 预期每年可增加篁山村集体收入约13.5万元，西河村集体收入3万元，将拿出部分资金用于给脱贫人口分红，预计给10户脱贫户分红每年每户600元，其余部分用于项目维护管理和乡村振兴建设。
A56: 5 | B56: 塘南镇西河村、西联村 | C56: 产业发展类 | D56: 西河村、西联村发展新型农村集体经济项目 | E56: 新建钢结构厂房约2400㎡等 | F56: 300 | G56: 280.5627 | H56: =F56-G56 -> 19.4373 | I56: 洪财农指〔2024〕107号147万元、洪财农指〔2024〕90号9万元、洪财农指〔2024〕129号10万元、洪财农指〔2025〕1号4.5万元、县级专项129.5万元 | J56: 中央147万元、省级9万元、市级14.5万元、县级129.5万元 | K56: 南财农〔2025〕15号 | L56: 2.8 | M56: 已完成 | N56: =VLOOKUP(D56,Sheet2!F:O,10,FALSE) -> 通过在西联村小学新建钢结构厂房，面积约2400㎡等，项目工程完成及时率能达到100%，项目建成后验收合格率能达到100%，预期能带动脱贫及监测劳动力就业6人，增加就业人员每人每年收入1.2万元，增加村集体经济收入约16.5万元，受益脱贫人口满意度能达到95%以上。 | O56: =VLOOKUP(D56,Sheet2!F:Q,12,FALSE) -> 预期每年可增加西联村集体收入约13.5万元，西河村集体收入3万元，将拿出部分资金用于给脱贫人口分红，预计给10户脱贫户分红每年每户600元，其余部分用于项目维护管理和乡村振兴建设。
A57: 6 | B57: 冈上镇合山村 | C57: 产业发展类 | D57: 合山村产业帮扶基地大棚建设项目 | E57: 产业帮扶基地大棚建设单体大棚80个（每个约320平方米）等 | F57: 89 | G57: 85.4523 | H57: =F57-G57 -> 3.5477 | I57: 洪财农指〔2024〕129号10万元、洪财农指〔2025〕1号56.5万元、县级专项22.5万元 | J57: 市级66.5万元、县级22.5万元 | K57: 南财农〔2025〕15号 | L57: 2.8 | M57: 已完成 | N57: =VLOOKUP(D57,Sheet2!F:O,10,FALSE) -> 通过在“十三五”市定、“十四五”县定乡村振兴重点帮扶村合山村，产业帮扶基地大棚建设单体大棚80个（每个约320平方米）等，项目完成及时率能达到100%，项目建成验收合格率能达到100%，设计使用年限能达到10年，成本94万元（含）以内，预期特色产业带动增加贫困人口收入（总收入）1万、带动脱贫人口就业预期1人、能带动脱贫人口大于或等于25人，脱贫户满意度能达到95%以上。 | O57: =VLOOKUP(D57,Sheet2!F:Q,12,FALSE) -> 壮大村集体经济、增加脱贫人口经济收入，方便当地农民就近就业，带动脱贫人口就业预期1人、受益脱贫人口25人，预期为村集体经济带来约4万元收益。
A58: 7 | B58: 黄马乡徐家村 | C58: 产业发展类 | D58: 黄马乡徐家村、白城村、岭前村联村产业发展项目 | E58: 新建一栋产业帮扶厂房及附属配套设施等 | F58: 350 | G58: 340.5688 | H58: =F58-G58 -> 9.4312 | I58: 洪财农指〔2024〕107号44万元、洪财农指〔2024〕90号157万元、洪财农指〔2024〕129号10万元、洪财农指〔2025〕1号139万元 | J58: 中央44万元、省级157万元、市级149万元 | K58: 南财农〔2025〕15号 | L58: 2.8 | M58: 已完成 | N58: =VLOOKUP(D58,Sheet2!F:O,10,FALSE) -> 通过在徐家村新建一栋产业帮扶厂房及附属配套设施等，项目完成及时率能达到100%，项目建成后验收合格率能达到100%，预期能带动脱贫及监测户10户，预计每户年均增加约600元左右，增加村集体经济收入约15万元，脱贫户满意度能达到95%以上。 | O58: =VLOOKUP(D58,Sheet2!F:Q,12,FALSE) -> 项目建成后预期增加村集体收入约15万元，部分收益用于脱贫人口和监测对象分红，受益脱贫人口约10，户年均增加收入约600元，预期带动当地脱贫人口就业务工1人，年均增收约5000元。
A59: 8 | B59: 黄马乡丰林村 | C59: 产业发展类 | D59: 黄马乡丰林村发展新型农村集体经济项目 | E59: 购买自动化墨水灌装机1套、pe包装袋生产设备1套等 | F59: 68 | G59: 68 | H59: =F59-G59 -> 0 | I59: 县级专项 | J59: 县级 | K59: 南财农〔2025〕15号 | L59: 2.8 | M59: 已完成 | N59: =VLOOKUP(D59,Sheet2!F:O,10,FALSE) -> 通过购买自动化墨水灌装机1套、pe包装袋生产设备1套等。项目验收合格率达100%，项目完成及时率达100%。项目建成后预期增加村集体收入约3万元/年，部分收益用于脱贫人口和监测对象分红，受益建档立卡脱贫人口24户58人，脱贫人口满意度达95%。 | O59: =VLOOKUP(D59,Sheet2!F:Q,12,FALSE) -> 项目建成后预期增加村集体收入约3万元/年，部分收益用于脱贫人口和监测对象分红，受益脱贫人口约58人，户年均增加收入约100元，预期带动当地脱贫人口就业务工2人，年均增收约5000元。
A60: 9 | B60: 广福镇宋洲村 | C60: 产业发展类 | D60: 广福镇宋洲村发展新型农村集体经济项目 | E60: 新建一栋产业帮扶厂房，结构为一层框架式，建筑面积约为500平米等。 | F60: 80 | G60: 80 | H60: =F60-G60 -> 0 | I60: 洪财农指〔2024〕107号62万元、洪财农指〔2024〕90号9万元、洪财农指〔2025〕1号4.5万元、县级专项4.5万元 | J60: 中央62万元、省级9万元、市级4.5万元、县级4.5万元 | K60: 南财农〔2025〕15号 | L60: 2.8 | M60: 已完成 | N60: =VLOOKUP(D60,Sheet2!F:O,10,FALSE) -> 新建产业帮扶厂房建筑面积约为500平方米，项目建成后预期增加村集体收入每年约5万元，受益脱贫人口及监测户25户67人，带动脱贫人口就业2人，人均年收入增加1200元，项目工程完成及时率能达到100%，项目建成后验收合格率能达到100%，设计使用年限能达到≥30年，脱贫户满意度能达到95%以上。 | O60: =VLOOKUP(D60,Sheet2!F:Q,12,FALSE) -> 预期每年可增加村集体收入约5万元，其中将部分收益直接用于脱贫人口分红，预计每户年均收入为800元左右，预期带动脱贫人口就业2人以及增加当地就业人口的务工机会。
A61: 10 | B61: 向塘镇高田村 | C61: 产业发展类 | D61: 向塘镇高田村帮扶产业项目 | E61: 钢构厂房约1000平方米等 | F61: 200 | G61: 200 | H61: =F61-G61 -> 0 | I61: 洪财农指〔2024〕90号 | J61: 省级 | K61: 南财农〔2025〕15号 | L61: 2.8 | M61: 已完成 | N61: =VLOOKUP(D61,Sheet2!F:O,10,FALSE) -> 通过“十四五”省定乡村振兴重点帮扶村高田村新建钢构厂房约1000平方米等，项目工程完成及时率能达到100%，项目建成后验收合格率能达到100%，设计使用年限能达到20年，项目建成后预期增加村集体收入10万元，收益部分预期用于脱贫人口分红，预期带动脱贫人口12户45人，户均年增收约500元，预期带动脱贫人口就业1人，年增收500元。脱贫人口满意度能达到95%以上。 | O61: =VLOOKUP(D61,Sheet2!F:Q,12,FALSE) -> 预期增加村集体收入10万元，收益部分预期用于脱贫人口分红，预期带动脱贫人口12户45人，户均年增收500元，预期带动脱贫人口就业1人，年增收500元。
A62: 11 | B62: 泾口乡大浦村 | C62: 产业发展类 | D62: 泾口乡大浦、东方联村产业帮扶基地配套设施工程 | E62: 安装谷王5HXG-22烘干机9台及配套附属设施等 | F62: 220 | G62: 210.6519 | H62: =F62-G62 -> 9.3481 | I62: 洪财农指〔2024〕90号 | J62: 省级 | K62: 南财农〔2025〕15号 | L62: 2.8 | M62: 已完成 | N62: =VLOOKUP(D62,Sheet2!F:O,10,FALSE) -> 通过在“十四五”省定重点帮扶村泾口乡大浦、东方联村产业帮扶基地安装谷王5HXG-22烘干机9台及配套附属设施，项目完成及时率能达到100%，项目建成后验收合格率能达到100%，设计使用年限能达到10年，预期能带动脱贫及监测户32户，预计每户年均增加约800元左右，增加村集体经济收入约16万元，脱贫户满意度能达到95%以上。 | O62: =VLOOKUP(D62,Sheet2!F:Q,12,FALSE) -> 预期每年可增加大浦村村集体经济收入约16万元，将拿出部分资金用于给关联的脱贫及监测人口分红，预计每户年均增加约800元左右，其余部分用于项目维护管理和公益性乡村振兴建设类。预期受益人口2100人，脱贫人口93人。
... A65: 14 | B65: 蒋巷镇叶楼村 | C65: 产业发展类 | D65: 2025年叶楼村乡村振兴产业项目 | E65: 建设一栋钢结构厂房及附属配套设施等 | F65: 300 | G65: 290.8768 | H65: =F65-G65 -> 9.1232 | I65: 洪财农指〔2025〕1号 | J65: 市级 | K65: 南财农〔2025〕15号 | L65: 2.8 | M65: 已完成 | N65: =VLOOKUP(D65,Sheet2!F:O,10,FALSE) -> 通过在蒋巷镇叶楼村建设一栋钢结构厂房及附属配套设施，项目工程完成及时率能达到100%，项目建成后验收合格率能达到100%，预期能带动脱贫及监测户36户76人，预计每户年均增加约600元左右，增加村集体经济收入约15万元，带动脱贫户就业2人，人均年增加收入约2000元，脱贫户满意度能达到95%以上。 | O65: =VLOOKUP(D65,Sheet2!F:Q,12,FALSE) -> 预期每年可增加叶楼村财政收入约15万元，将拿出部分资金用于给关联的脱贫及监测人口分红，预计每户年均增加约600元左右，带动脱贫户就业2人，人均年增加收入约2000元，其余部分用于项目维护管理和乡村振兴建设等公益性事业。
A66: 15 | B66: 泾口乡东湖村 | C66: 产业发展类 | D66: 东湖村、北山村联村壮大村集体经济项目 | E66: 新建面积约1100平方米厂房一栋及芡实加工配套机械设施等 | F66: 310 | G66: 305.6548 | H66: =F66-G66 -> 4.3452 | I66: 洪财农指〔2024〕107号100万元、洪财农指〔2024〕90号19万元、赣财农指〔2025〕10号152万元、洪财农指〔2025〕1号9万元、县级专项30万元 | J66: 中央252万元、省级19万元、市级9万元、县级30万元 | K66: 南财农〔2025〕54号 | L66: 5.10 | M66: 已完成 | N66: 通过财政衔接推进乡村振兴项目资金，在东湖村新建厂房一栋，用于农业生产服务，壮大村集体经济，项目完成及时率能达到100%，项目验收合格率能达到100%，设计使用年限能达到10年，成本控制率345万元（含）以内，预期壮大村集体经济收入12-15万元。 | O66: 壮大村集体经济收益、预期为村集体经济带来约12-15万元收益，预期带动2到3名脱贫对象就业务工，每年约增加务工收入1万元。
A67: 16 | B67: 幽兰镇流芳村 | C67: 产业发展类 | D67: 幽兰镇联村（流芳村、涂村村、马游村）产业帮扶项目 | E67: 新建1栋产业帮扶厂房及相关配套设施等 | F67: 300 | G67: 298.5632 | H67: =F67-G67 -> 1.4368 | I67: 洪财农指〔2024〕107号150万元、洪财农指〔2024〕90号120万元、洪财农指〔2025〕1号13.5万元、县级专项16.5万元 | J67: 中央150万元、省级120万元、市级13.5万元、县级16.5万元 | K67: 南财农〔2025〕54号 | L67: 5.10 | M67: 已完成 | N67: 通过在流芳村新建1栋产业帮扶厂房（约1800平）及相关配套设施，项目工程完成及时率能达到100%，项目建成后验收合格率能达到100%，预期能带动脱贫及监测人口24人，带动农户务工30人，增加村集体经济收入约11万元，脱贫户满意度能达到95%以上。 | O67: 带动农户务工增收约30人，受益脱贫户约24人，增加村集体收益约11万元。
A68: 合计： | F68: =SUM(F5:F67) -> 7133.46 | G68: =SUM(G5:G67) -> 6976.9146 | H68: =SUM(H5:H67) -> 156.5454

Sheet Sheet2
A1: 序号 | B1: 乡（镇） | C1: 村 | D1: 是否省市“十三五”脱贫村 | E1: 是否省市县“十四五”重点帮扶村 | F1: 项目名称 | G1: 项目类别 | H1: 建设内容和规模 | I1: 实施地点 | J1: 实施期限 | K1: 责任单位 | L1: 投资概算（万元） | M1: 资金来源（万元） | N1: 受益对象 | O1: 预期绩效目标 | P1: 绩效指标 | Q1: 利益联结机制 | R1: 备注
A2: 1 | B2: 蒋巷镇 | C2: 三洞村 | D2: 是 | E2: 否 | F2: 2025年三洞村南池子耕道硬化项目 | G2: 乡村建设类 | H2: 道路长度约2100米等 | I2: 三洞村 | J2: 2025年 | K2: 蒋巷镇人民政府 | L2: 165 | M2: 各级财政资金150万；自筹15万 | N2: 三洞村 | O2: 通过在“十三五”脱贫村蒋巷镇三洞村改建硬化道路长约2100米，项目工程完成及时率能达到100%，项目建成后验收合格率能达到100%，道路设计使用年限能达到10年，预期受益人口2800人，受益脱贫及监测人口141人，脱贫户满意度能达到95%以上。 | P2: 1.产出指标-数量指标-新增重点村硬化路里程：≥2.1公里 2.产出指标-质量指标-项目（工程）验收合格率：100% 3.产出指标-时效指标-项目（工程）完成及时率：100% 4.效益指标-社会效益指标-受益建档立卡脱贫人口数：≥141人 5.效益指标-可持续影响指标-工程设计使用年限：≥10年 6.满意度指标-服务对象满意度指标-受益脱贫人口满意度：≥95% | Q2: 改善农户及脱贫监测人口日常生产生活条件、村居环境、农村道路状况和脱贫人口生产生活条件，预期受益人口2800人，受益脱贫及监测人口141人
A3: 2 | B3: 蒋巷镇 | C3: 立新村 | D3: 是 | E3: 否 | F3: 2025年立新村庄店片区机耕道硬化项目 | G3: 乡村建设类 | H3: 硬化道路长度约1600米等 | I3: 立新村 | J3: 2025年 | K3: 蒋巷镇人民政府 | L3: 84 | M3: 各级财政资金80万；自筹4万 | N3: 立新村 | O3: 通过在“十三五”脱贫村蒋巷镇立新村改建硬化道路长约1600米，项目工程完成及时率能达到100%，项目建成后验收合格率能达到100%，道路设计使用年限能达到10年，预期受益人口840人，受益脱贫及监测人口69人。，脱贫户满意度能达到95%以上。 | P3: 1.产出指标-数量指标-新增重点村硬化路里程：≥1.6公里 2.产出指标-质量指标-项目（工程）验收合格率：100% 3.产出指标-时效指标-项目（工程）完成及时率：100% 4.效益指标-社会效益指标-受益建档立卡脱贫人口数：≥69人 5.效益指标-可持续影响指标-工程设计使用年限：≥10年 6.满意度指标-服务对象满意度指标-受益脱贫人口满意度：≥95% | Q3: 改善农户及脱贫监测人口，日常生产生活条件、村居环境、农村道路状况和脱贫人口生产生活条件，预期受益人口840人，受益脱贫及监测人口69人。
A4: 3 | B4: 蒋巷镇 | C4: 立新村 | D4: 是 | E4: 否 | F4: 2025年立新村水塘护坡项目 | G4: 乡村建设类 | H4: 修建护坡600米等 | I4: 立新村 | J4: 2025年 | K4: 蒋巷镇人民政府 | L4: 110 | M4: 各级财政资金100万；自筹10万 | N4: 立新村 | O4: 通过在“十三五”脱贫村蒋巷镇立新村修建护坡600米，项目工程完成及时率能达到100%，项目建成后验收合格率能达到100%，道路设计使用年限能达到10年，预期受益人口840人，受益脱贫及监测人口69人。脱贫户满意度能达到95%以上。 | P4: 1.产出指标-数量指标-新增重点村硬化路里程：≥0.6公里 2.产出指标-质量指标-项目（工程）验收合格率：100% 3.产出指标-时效指标-项目（工程）完成及时率：100% 4.效益指标-社会效益指标-受益建档立卡脱贫人口数：≥69人 5.效益指标-可持续影响指标-工程设计使用年限：≥10年 6.满意度指标-服务对象满意度指标-受益脱贫人口满意度：≥95% | Q4: 改善农户及脱贫监测人口，日常生产生活条件、村居环境、农村道路状况和脱贫人口生产生活条件，预期受益人口840人，受益脱贫及监测人口69人。
A5: 4 | B5: 蒋巷镇 | C5: 柏岗山村 | D5: 否 | E5: 否 | F5: 2025年蒋巷镇联村（柏岗山村、立新村、三洞村、白岸村）产业项目 | G5: 产业类 | H5: 建设一栋钢结构厂房及附属配套设施等 | I5: 柏岗山村 | J5: 2025年 | K5: 蒋巷镇人民政府 | L5: 330 | M5: 各级财政资金300万；自筹30万 | N5: 柏岗山村、立新村、三洞村、白岸村 | O5: 通过在蒋巷镇柏岗山村建设一栋钢结构厂房及附属配套设施，项目工程完成及时率能达到100%，项目建成后验收合格率能达到100%，预期能带动脱贫及监测户34户64人，预计每户年均增加约600元左右，增加村集体经济收入约15万元，带动脱贫户就业6人，人均年增加收入约2000元，脱贫户满意度能达到95%以上。 | P5: 1.产出指标-数量指标-建设钢结构厂房（工程）建成：1栋 2.产出指标-质量指标-项目（工程）验收合格率：100% 3.产出指标-时效指标-项目（工程）完成及时率：100% 4.效益指标-经济效益指标-产业带动村集体增收：≥15万 5.效益指标-社会效益指标-受益建档立卡脱贫人口数：≥64人 7.效益指标-社会效益指标-带动脱贫就业人数：≥2人 8.满意度指标-服务对象满意度指标-受益脱贫人口满意度：≥95% | Q5: 预期每年可增加柏岗山村财政收入约15万元，将拿出部分资金用于给关联的脱贫及监测人口分红，预计每户年均增加约600元左右，带动脱贫户就业2人，人均年增加收入约2000元，其余部分用于项目维护管理和乡村振兴建设等公益性事业。
A6: 5 | B6: 蒋巷镇 | C6: 叶楼村 | D6: 否 | E6: 否 | F6: 2025年叶楼村乡村振兴产业项目 | G6: 产业类 | H6: 建设一栋钢结构厂房及附属配套设施等 | I6: 叶楼村 | J6: 2025年 | K6: 蒋巷镇人民政府 | L6: 330 | M6: 各级财政资金300万；自筹30万 | N6: 叶楼村 | O6: 通过在蒋巷镇叶楼村建设一栋钢结构厂房及附属配套设施，项目工程完成及时率能达到100%，项目建成后验收合格率能达到100%，预期能带动脱贫及监测户36户76人，预计每户年均增加约600元左右，增加村集体经济收入约15万元，带动脱贫户就业2人，人均年增加收入约2000元，脱贫户满意度能达到95%以上。 | P6: 1.产出指标-数量指标-建设钢结构厂房（工程）建成：1栋 2.产出指标-质量指标-项目（工程）验收合格率：100% 3.产出指标-时效指标-项目（工程）完成及时率：100% 4.效益指标-经济效益指标-产业带动村集体增收：≥15万 5.效益指标-社会效益指标-受益建档立卡脱贫人口数：≥76人 7.效益指标-社会效益指标-带动脱贫就业人数：≥2人 8.满意度指标-服务对象满意度指标-受益脱贫人口满意度：≥95% | Q6: 预期每年可增加叶楼村财政收入约15万元，将拿出部分资金用于给关联的脱贫及监测人口分红，预计每户年均增加约600元左右，带动脱贫户就业2人，人均年增加收入约2000元，其余部分用于项目维护管理和乡村振兴建设等公益性事业。
A7: 6 | B7: 蒋巷镇 | C7: 玉丰村 | D7: 否 | E7: 否 | F7: 2025年玉丰村乡村振兴产业项目 | G7: 产业类 | H7: 改建乡村产业农场附属配套设施等 | I7: 玉丰村 | J7: 2025年 | K7: 蒋巷镇人民政府 | L7: 132 | M7: 各级财政资金120万；自筹12万 | N7: 玉丰村 | O7: 通过在蒋巷镇玉丰村改建乡村产业农场附属配套设施，项目工程完成及时率能达到100%，项目建成后验收合格率能达到100%，预期能带动脱贫及监测户10户22人，预计每户年均增加约800元左右，带动脱贫户就业2人，人均年增加收入约2000元，增加村集体经济收入约6.5万元，脱贫户满意度能达到95%。 | P7: 1.产出指标-数量指标-改建主体设施用房（工程）建成：1栋 2.产出指标-质量指标-项目（工程）验收合格率：100% 3.产出指标-时效指标-项目（工程）完成及时率：100% 4.效益指标-经济效益指标-产业带动村集体增收：≥6.5万 5.效益指标-社会效益指标-受益建档立卡脱贫人口数：≥22人 7.效益指标-社会效益指标-带动脱贫就业人数：≥2人 8.满意度指标-服务对象满意度指标-受益脱贫人口满意度：≥95% | Q7: 预期每年可增加叶楼村财政收入约6.5万元，将拿出部分资金用于给关联的脱贫及监测人口分红，预计每户年均增加约600元左右，带动脱贫户就业2人，人均年增加收入约2000元，其余部分用于项目维护管理和乡村振兴建设等公益性事业。
A8: 7 | B8: 蒋巷镇 | C8: 垾上村 | D8: 否 | E8: 否 | F8: 2025年垾上村乡村振兴产业项目 | G8: 产业类 | H8: 建设一栋钢结构厂房及附属配套设施等 | I8: 垾上村 | J8: 2025年 | K8: 蒋巷镇人民政府 | L8: 330 | M8: 各级财政资金300万；自筹30万 | N8: 垾上村 | O8: 通过在蒋巷镇垾上村建设一栋钢结构厂房及附属配套设施，项目工程完成及时率能达到100%，项目建成后验收合格率能达到100%，预期能带动脱贫及监测户23户46人，预计每户年均增加约600元左右，增加村集体经济收入约15.6万元，带动脱贫户就业2人，人均年增加收入约2000元，脱贫户满意度能达到95%以上。 | P8: 1.产出指标-数量指标-建设钢结构厂房（工程）建成：1栋 2.产出指标-质量指标-项目（工程）验收合格率：100% 3.产出指标-时效指标-项目（工程）完成及时率：100% 4.效益指标-经济效益指标-产业带动村集体增收：≥15.6万 5.效益指标-社会效益指标-受益建档立卡脱贫人口数：≥46人 6.效益指标-社会效益指标-带动脱贫就业人数：≥2人 7.满意度指标-服务对象满意度指标-受益脱贫人口满意度：≥95% | Q8: 预期每年可增加垾上村财政收入约15.6万元，将拿出部分资金用于给关联的脱贫及监测人口分红，预计每户年均增加约600元左右，带动脱贫户就业2人，人均年增加收入约2000元，其余部分用于项目维护管理和乡村振兴建设等公益性事业。
A9: 8 | B9: 蒋巷镇 | C9: 蒋巷村 | D9: 否 | E9: 否 | F9: 2025年蒋巷镇蒋巷村山尾村胜利村垾上村发展新型农村集体经济项目 | G9: 产业类 | H9: 建设一栋框架结构厂房及附属配套设施等 | I9: 蒋巷村 | J9: 2025年 | K9: 蒋巷镇人民政府 | L9: 363 | M9: 各级财政资金330万；自筹33万 | N9: 蒋巷村、山尾村、胜利村、垾上村 | O9: 通过在蒋巷镇蒋巷村建设一栋框架结构厂房及附属配套设施，项目工程完成及时率能达到100%，项目建成后验收合格率能达到100%，预期能带动脱贫及监测户22户58人，预计每户年均增加约600元左右，增加村集体经济收入约15万元，带动脱贫户就业2人，人均年增加收入约2000元，脱贫户满意度能达到95%以上。 | P9: 1.产出指标-数量指标-建设框架结构厂房（工程）建成：1栋 2.产出指标-质量指标-项目（工程）验收合格率：100% 3.产出指标-时效指标-项目（工程）完成及时率：100% 4.效益指标-经济效益指标-产业带动村集体增收：≥15万 5.效益指标-社会效益指标-受益建档立卡脱贫人口数：≥58人 7.效益指标-社会效益指标-带动脱贫就业人数：≥2人 8.满意度指标-服务对象满意度指标-受益脱贫人口满意度：≥95% | Q9: 预期每年可增加蒋巷村财政收入约15万元，将拿出部分资金用于给关联的脱贫及监测人口分红，预计每户年均增加约600元左右，带动脱贫户就业2人，人均年增加收入约2000元，其余部分用于项目维护管理和乡村振兴建设等公益性事业。 | R9: 蒋巷镇蒋巷村山尾村胜利村垾上村发展新型农村集体经济项目
A10: 9 | B10: 南新乡 | C10: 九联村 | D10: 是 | E10: 否 | F10: 南新乡九联村道路亮化工程项目 | G10: 乡村建设类 | H10: 堤顶公路至村委会门口道路安装路灯约55盏等，中心公路至千秋堂道路安装路灯约14盏等。 | I10: 九联村 | J10: 2025年 | K10: 南新乡人民政府 | L10: 15 | M10: 各级财政衔接资金14万元、自筹1万元。 | N10: 九联村 | O10: 在“十三五”省定贫困村九联村安装路灯约69盏，改善九联村道路基础设施，项目工程完成及时率能达到100%，建设后验收合格率能达到100%，道路设计使用年限能达10年，预期直接受益人口约850人，受益脱贫户1户2人，脱贫人口满意度能达95%以上。 | P10: 1.产出指标-数量指标-安装路灯数：≥69盏 2.产出指标-质量指标-项目（工程）验收合格率：100% 3.产出指标-时效指标-项目（工程）完成及时率：100% 4.效益指标-社会效益指标-受益建档立卡脱贫人口数：≥2人 5.效益指标-可持续影响指标-工程设计使用年限：≥10年 6.满意度指标-服务对象满意度指标-受益脱贫人口满意度：≥95% | Q10: 改善“十三五”省定贫困村九联村道路基础设施条件，完善路网建设，降低农户出行及运输成本，促进农村增产增收，受益脱贫人口2人，直接受益人口约800人，不断提升农村幸福生活满意度。
A11: 10 | B11: 南新乡 | C11: 团结村 | D11: 是 | E11: 否 | F11: 南新乡团结公路至团结小学道路硬化工程项目 | G11: 乡村建设类 | H11: 改建硬化道路长约160米，宽约3.5米，厚约0.2米的道路等。 | I11: 团结村 | J11: 2025年 | K11: 南新乡人民政府 | L11: 21 | M11: 各级财政衔接资金20万元、自筹1万元。 | N11: 团结村 | O11: 在“十三五”省定贫困村团结村道路硬化长约160米，宽约3.5米，厚约0.2米；项目工程完成及时率能达到100%，项目建成后验收合格率能达到100%，道路设计使用年限能达到10年，预期能带动脱贫人口20人，脱贫户满意度能达到95%以上。 | P11: 1.产出指标-数量指标-新建改建公路里程：≥160米 2.产出指标-质量指标-项目（工程）验收合格率：100% 3.产出指标-时效指标-项目（工程）完成及时率：100% 4.效益指标-社会效益指标-受益建档立卡脱贫人口数：≥20人 5.效益指标-可持续影响指标-工程设计使用年限：≥10年 6.满意度指标-服务对象满意度指标-受益脱贫人口满意度：≥95% | Q11: 改善“十三五”省定贫困村团结村道路基础设施条件，完善路网建设，降低农户出行及运输成本，促进农村增产增收，受益脱贫人口20人，直接受益人口约300人，不断提升农村幸福生活满意度。
A12: 11 | B12: 南新乡 | C12: 团结村 | D12: 是 | E12: 否 | F12: 南新乡团结村产业大棚项目 | G12: 产业类 | H12: 新建产业大棚2座及部分配套设施等。 | I12: 团结村 | J12: 2025年 | K12: 南新乡人民政府 | L12: 32 | M12: 各级财政衔接资金30万元、自筹2万元。 | N12: 团结村 | O12: 通过在“十三五”省定贫困村团结村新建产业大棚2座等；项目工程完成及时率能达到100%，项目建成后验收合格率能达到100%，道路设计使用年限能达到10年，预期能带动脱贫人口20人，脱贫户满意度能达到95%以上。 | P12: 1.产出指标-数量指标-新建大棚数量：≥2座 2.产出指标-质量指标-项目（工程）验收合格率：100% 3.产出指标-时效指标-项目（工程）完成及时率：100% 4.效益指标-社会效益指标-受益建档立卡脱贫人口数：≥20人 5.效益指标-可持续影响指标-工程设计使用年限：≥10年 6.满意度指标-服务对象满意度指标-受益脱贫人口满意度：≥95% | Q12: 改善“十三五”省定贫困村团结村营商环境，壮大村集体经济。带动脱贫户及监测对象增收9户20人，增加村集体经济收入约0.3万元。
A13: 12 | B13: 南新乡 | C13: 周坊村 | D13: 否 | E13: 是 | F13: 南新乡周坊村周坊小学渠道桥至南新中学边道路硬化工程项目 | G13: 乡村建设类 | H13: 改建硬化周坊村小学渠道桥至南新中学边道路，长约1300米，宽约3.5米，厚约0.2米等。 | I13: 周坊村 | J13: 2025年 | K13: 南新乡人民政府 | L13: 150 | M13: 各级财政衔接资金136万元，自筹14万元。 | N13: 周坊村 | O13: 在“十四五”省定乡村振兴重点帮扶村周坊村建设道路长约1300米，宽约3.5米，厚约0.2米改善周坊村道路基础设施，项目工程完成及时率能达到100%，建设后验收合格率能达到100%，道路设计使用年限能达10年，受益脱贫户3户5人，监测对象1户2人，预期直接受益人口2080人，预期受益面积1720亩，脱贫人口满意度能达95%以上。 | P13: 1.产出指标-数量指标-新建改建公路里程：≥1.3公里 2.产出指标-质量指标-项目（工程）验收合格率：100% 3.产出指标-时效指标-项目（工程）完成及时率：100% 4.效益指标-社会效益指标-受益建档立卡脱贫人口数：≥5人 5.效益指标-可持续影响指标-工程设计使用年限：≥10年 6.满意度指标-服务对象满意度指标-受益脱贫人口满意度：≥95% | Q13: 改善“十四五”省定乡村振兴重点帮扶村周坊村道路基础设施条件，完善路网建设，降低农户出行及运输成本，促进农村增产增收，受益脱贫户3户5人，监测对象1户2人，受益人口2080人，受益面积1720亩，不断提升农村幸福生活满意度。
A14: 13 | B14: 南新乡 | C14: 周坊村 | D14: 否 | E14: 是 | F14: 南新乡周坊村四、五组道路硬化工程项目 | G14: 乡村建设类 | H14: 改建硬化大房自然村、八房自然村道路，长约1250米，宽约4米，厚约0.2米等。 | I14: 周坊村 | J14: 2025年 | K14: 南新乡人民政府 | L14: 143 | M14: 各级财政衔接资金130万元、自筹13万元。 | N14: 周坊村 | O14: 在“十四五”省定乡村振兴重点帮扶村周坊村道路硬化长约1250米，宽约4米，厚约0.2米；项目工程完成及时率能达到100%，项目建成后验收合格率能达到100%，道路设计使用年限能达到10年，预期能带动脱贫人口5人，脱贫户满意度能达到95%以上。 | P14: 1.产出指标-数量指标-新增重点村硬化路里程：≥1250米 2.产出指标-质量指标-项目（工程）验收合格率：100% 3.产出指标-时效指标-项目（工程）完成及时率：100% 4.效益指标-社会效益指标-受益脱贫人口数：≥5人 5.效益指标-可持续影响指标-工程设计使用年限：≥10年 6.满意度指标-服务对象满意度指标-群众满意度：≥95% | Q14: 改善“十四五”省定乡村振兴重点帮扶村周坊村道路基础设施条件，完善路网建设，降低农户出行及运输成本，促进农村增产增收，受益脱贫人口5人，直接受益人口约2080人，不断提升农村幸福生活满意度。
A15: 14 | B15: 南新乡 | C15: 周坊村 | D15: 否 | E15: 是 | F15: 南新乡周坊村水厂至南兴路村道硬化工程项目 | G15: 乡村建设类 | H15: 改建硬化水厂至南兴路村道，长约1150米，宽约3米，厚约0.2米等。 | I15: 周坊村 | J15: 2025年 | K15: 南新乡人民政府 | L15: 121 | M15: 各级财政衔接资金110万元、自筹11万元。 | N15: 周坊村 | O15: 在“十四五”省定乡村振兴重点帮扶村周坊村道路硬化长约长约1150米，宽约3米，厚约0.2米等；项目工程完成及时率能达到100%，项目建成后验收合格率能达到100%，道路设计使用年限能达到10年，预期能带动脱贫人口5人，脱贫户满意度能达到95%以上。 | P15: 1.产出指标-数量指标-新增重点村硬化路里程：≥1150米 2.产出指标-质量指标-项目（工程）验收合格率：100% 3.产出指标-时效指标-项目（工程）完成及时率：100% 4.效益指标-社会效益指标-受益脱贫人口数：≥5人 5.效益指标-可持续影响指标-工程设计使用年限：≥10年 6.满意度指标-服务对象满意度指标-群众满意度：≥95% | Q15: 改善“十四五”省定乡村振兴重点帮扶村道路基础设施条件，完善路网建设，降低农户出行及运输成本，促进农村增产增收，受益脱贫人口5人，直接受益人口约2080人，不断提升农村幸福生活满意度。
A16: 15 | B16: 南新乡 | C16: 中徐村 | D16: 否 | E16: 是 | F16: 南新乡中徐村乡村振兴产业基地四期工程项目 | G16: 产业类 | H16: 新建占地约1120平方米的二层钢筋混凝土厂房，总面积约2240平方米，层高3.9米等。 | I16: 中徐村 | J16: 2025年 | K16: 南新乡人民政府 | L16: 374 | M16: 各级财政衔接资金340万元、自筹34万元。 | N16: 中徐村 | O16: 在“十四五”省定乡村振兴重点帮扶村中徐村，利用产业基地内建设用地建设第四期厂房，总面积约2240平方米。项目工程完成及时率能达到100%，项目建成后验收合格率能达到100%。通过厂房招商进驻企业后，预期增加村集体经济约10万元，预期带动周边农户务工5人，预期脱贫户及监测对象11户23人，受益脱贫人口满意度能达到95%以上。 | P16: 1.产出指标-数量指标-新建厂房面积：≥2240平方米 2.产出指标-质量指标-项目（工程）验收合格率：100% 3.产出指标-时效指标-项目（工程）完成及时率：100% 4.效益指标-社会效益指标-受益建档立卡脱贫人口数：≥21人 5.效益指标-可持续影响指标-工程设计使用年限：≥10年 6.满意度指标-服务对象满意度指标-受益脱贫人口满意度：≥95% | Q16: 改善“十四五”省定乡村振兴重点帮扶村中徐村营商环境，壮大村集体经济。带动脱贫户及监测对象增收11户23人，增加村集体经济收入约10万元。
A17: 16 | B17: 南新乡 | C17: 中徐村 | D17: 否 | E17: 是 | F17: 南新乡中徐村二组至东邺村村道主干道路硬化工程项目 | G17: 乡村建设类 | H17: 改建村二组至东邺村道路，全长2100米；其中一段长约1100米，宽约5米；一段长约1000米，宽约4米，厚约0.2米等。 | I17: 中徐村 | J17: 2025年 | K17: 南新乡人民政府 | L17: 308 | M17: 各级财政衔接资金280万元、自筹28万元。 | N17: 中徐村 | O17: 在“十四五”省定乡村振兴重点帮扶村中徐村，建设村内道路长约2100米，宽约4-5米不等，厚约0.2米，配套产业基地交通运输需要。项目工程完成及时率能达到100%，建设后验收合格率能达到100%，道路设计使用年限能达10年，预期受益人口3400余人，受益脱贫户10户21人，监测对象1户2人，脱贫人口满意度能达95%以上。 | P17: 1.产出指标-数量指标-新增重点村硬化路里程：≥2100米 2.产出指标-质量指标-项目（工程）验收合格率：100% 3.产出指标-时效指标-项目（工程）完成及时率：100% 4.效益指标-社会效益指标-受益脱贫人口数：≥21人 5.效益指标-可持续影响指标-工程设计使用年限：≥10年 6.满意度指标-服务对象满意度指标-群众满意度：≥95% | Q17: 改善“十四五”省定乡村振兴重点帮扶村中徐村道路基础设施条件，完善路网建设，降低农户出行及运输成本，促进农村增产增收，受益脱贫人口21人，直接受益人口约3400人，不断提升农村幸福生活满意度。
A18: 17 | B18: 南新乡 | C18: 中徐村 | D18: 否 | E18: 是 | F18: 南新乡中徐村一组至四组道路硬化工程项目 | G18: 乡村建设类 | H18: 改建硬化村一组至村四组道路，全长约900米，宽约4米，厚约0.2米等。 | I18: 中徐村 | J18: 2025年 | K18: 南新乡人民政府 | L18: 127 | M18: 各级财政衔接资金115万元、自筹12万元。 | N18: 中徐村 | O18: 在“十四五”省定乡村振兴重点帮扶村中徐村建设道路长约900米，宽约4米，厚约0.2米。项目工程完成及时率能达到100%，建设后验收合格率能达到100%，道路设计使用年限能达10年，预期受益脱贫户监测对象10户21人，监测对象1户2人，脱贫人口满意度能达95%以上。 | P18: 1.产出指标-数量指标-新增重点村硬化路里程：≥900米 2.产出指标-质量指标-项目（工程）验收合格率：100% 3.产出指标-时效指标-项目（工程）完成及时率：100% 4.效益指标-社会效益指标-受益脱贫人口数：≥21人 5.效益指标-可持续影响指标-工程设计使用年限：≥10年 6.满意度指标-服务对象满意度指标-群众满意度：≥95% | Q18: 改善“十四五”省定乡村振兴重点帮扶村中徐村道路基础设施条件，完善路网建设，降低农户出行及运输成本，促进农村增产增收，受益脱贫人口21人，直接受益人口约3400人，不断提升农村幸福生活满意度。
A19: 18 | B19: 南新乡 | C19: 中徐村 | D19: 否 | E19: 是 | F19: 南新乡中徐村乡村振兴产业基地基础设施排水工程项目 | G19: 乡村建设类 | H19: 新建产业基地雨、污排水处理设施，处理污水量15吨/天，出水水质达到一级A标准等。 | I19: 中徐村 | J19: 2025年 | K19: 南新乡人民政府 | L19: 53 | M19: 各级财政衔接资金50万元、自筹3万元。 | N19: 中徐村 | O19: 在“十四五”省定乡村振兴重点帮扶村中徐村，建设雨、污排水处理设施。项目工程完成及时率能达到100%，建设后验收合格率能达到100%，道路设计使用年限能达10年，预期受益脱贫户监测对象10户21人，监测对象1户2人，脱贫人口满意度能达95%以上。 | P19: 1.产出指标-数量指标-新增雨、污排水处理设施：1座 2.产出指标-质量指标-项目（工程）验收合格率：100% 3.产出指标-时效指标-项目（工程）完成及时率：100% 4.效益指标-社会效益指标-受益脱贫人口数：≥21人 5.效益指标-可持续影响指标-工程设计使用年限：≥10年 6.满意度指标-服务对象满意度指标-群众满意度：≥95% | Q19: 改善“十四五”省定乡村振兴重点帮扶村中徐村排水基础设施条件，完善管道建设，增强农村污水处理能力，受益脱贫人口21人，直接受益人口约3400人，不断提升农村幸福生活满意度。
A20: 19 | B20: 塘南镇 | C20: 田万村 | D20: 否 | E20: 是 | F20: 田万村二组沟渠新建工程 | G20: 乡村建设类 | H20: 田万村二组新建沟渠长约803米等 | I20: 田万村二组 | J20: 2025.02-2025.12 | K20: 塘南镇人民政府 | L20: 48 | M20: 各级财政衔接资金45万元，自筹3万元。 | N20: 田万村二组、四组、五组约1000人 | O20: 通过在“十四五”省定重点帮扶村田万村二组沟渠长约803米等；项目工程完成及时率能达到100%，项目建成后验收合格率能达到100%，沟渠设计使用年限能达到10年，预期能带动脱贫人口大于等于10人，受益脱贫人口满意度能达到95%以上。 | P20: 1.产出指标-数量指标-新建沟渠：≥803米 2.产出指标-质量指标-项目（工程）验收合格率：100% 3.产出指标-时效指标-项目（工程）完成及时率：100% 4.效益指标-社会效益指标-受益建档立卡脱贫人口数：≥10人 5.效益指标-可持续影响指标-工程设计使用年限：≥10年 6.满意度指标-服务对象满意度指标-受益建档立卡脱贫人口满意度：≥95% | Q20: 改善田万村二组农业生产条件，方便田万村二组村民农田灌溉。完善农村沟渠建设，改善农村整体生产状况，促进农村经济发展和生产需要，预期直接受益人口约520人，预期能带动脱贫人口大于等于10人。
A21: 20 | B21: 塘南镇 | C21: 田万村 | D21: 否 | E21: 是 | F21: 田万村四组道路硬化工程 | G21: 乡村建设类 | H21: 田万村四组道路硬化长约629米等 | I21: 田万村四组 | J21: 2025.02-2025.12 | K21: 塘南镇人民政府 | L21: 96 | M21: 各级财政衔接资金91万元、自筹5万元 | N21: 田万村四约320人，脱贫人口26人 | O21: 通过在“十四五”省定重点帮扶村田万村田万村四组道路硬化长约629米等；项目工程完成及时率能达到100%，项目建成后验收合格率能达到100%，道路设计使用年限能达到10年，预期能带动脱贫人口大于等于26人，受益脱贫人口满意度能达到95%以上。 | P21: 1.产出指标-数量指标-新增重点村道路新建：≥629米 2.产出指标-质量指标-项目（工程）验收合格率：100% 3.产出指标-时效指标-项目（工程）完成及时率：100% 4.效益指标-社会效益指标-受益建档立卡脱贫人口数：≥26人 5.效益指标-可持续影响指标-工程设计使用年限：≥10年 6.满意度指标-服务对象满意度指标-受益建档立卡脱贫人口满意度：≥95% | Q21: 改善四组村民生产生活条件，方便田万村四组村民出行。提高生活条件，改善农村的整体状况，促进农村经济发展和生活需要，预期直接受益人口约320人，预期能带动脱贫人口大于等于26人。
... A26: 25 | B26: 塘南镇 | C26: 石岗村 | D26: 是 | E26: 否 | F26: 石岗村石梁王家桥至焦头河排管站道路硬化 | G26: 乡村建设类 | H26: 石岗村道路硬化长约400米等 | I26: 石岗村 | J26: 2025.1-2025.12 | K26: 塘南镇人民政府 | L26: 51 | M26: 各级财政衔接资金48万元，自筹3万元。 | N26: 石岗村 | O26: 通过在“十三五”省定脱贫村石岗村新建硬化道路长约400米等，项目工程完成及时率能达到100%，项目建成后验收合格率能达到100%，道路设计使用年限能达到10年，预期能带动脱贫人口大于等于34人，脱贫户满意度能达到95%以上。 | P26: 1.产出指标-数量指标-新增重点村硬化路里程：≥0.4公里 2.产出指标-质量指标-项目（工程）验收合格率：100% 3.产出指标-时效指标-项目（工程）完成及时率：100% 4.效益指标-社会效益指标-受益建档立卡脱贫人口数：≥34人 5.效益指标-可持续影响指标-工程设计使用年限：≥10年 6.满意度指标-服务对象满意度指标-受益脱贫人口满意度：≥95% | Q26: 改善脱贫户生产生活条件，方便石岗村三组村民出行。完善农村道路网建设，改善农村道路状况，促进农村经济发展和方便村民日常出行，预期直接受益人口约550人，预期能带动脱贫人口大于等于34人。
A27: 26 | B27: 塘南镇 | C27: 篁山村 | D27: 否 | E27: 是 (西河村） | F27: 塘南镇西河村、篁山村联村发展新型农村集体经济项目 | G27: 产业类 | H27: 新建钢结构厂房约2400㎡等 | I27: 篁山村 | J27: 2025.02-2025.11 | K27: 塘南镇人民政府 | L27: 330 | M27: 各级财政衔接资金300万元，自筹30万元。 | N27: 西河村、篁山村 | O27: 通过在篁山村小学新建钢结构厂房，面积约2400㎡等，项目工程完成及时率能达到100%，项目建成后验收合格率能达到100%，预期能带动脱贫及监测劳动力就业5人，增加就业人员每人每年收入1万元，增加村集体经济收入约16.5万元，受益脱贫人口满意度能达到95%以上。 | P27: 1.产出指标-数量指标-新建钢结构厂房：≥2400平方米 2.效益指标-经济效益指标-产业带动村集体增收：≥16.5万 3.产出指标-质量指标-项目（工程）验收合格率：100% 4.产出指标-时效指标-项目（工程）完成及时率：100% 5.效益指标-社会效益指标-受益建档立卡脱贫人口数：≥5人 6.效益指标-可持续影响指标-工程设计使用年限：≥10年 7.满意度指标-服务对象满意度指标-受益建档立卡脱贫人口满意度：≥95% | Q27: 预期每年可增加篁山村集体收入约13.5万元，西河村集体收入3万元，将拿出部分资金用于给脱贫人口分红，预计给10户脱贫户分红每年每户600元，其余部分用于项目维护管理和乡村振兴建设。 | R27: 塘南镇篁山村发展新型农村集体经济项目
A28: 27 | B28: 塘南镇 | C28: 西河村 | D28: 是 | E28: 否 | F28: 西河村一组农业生产沟渠红石护坡 | G28: 乡村建设类 | H28: 西河村农业生产沟渠红石护坡长约850米等。 | I28: 西河村 一组 | J28: 2025.1-12 | K28: 塘南镇人民政府 | L28: 169 | M28: 各级财政衔接资金153万元，自筹16万元。 | N28: 西河村 | O28: 通过在“十三五”省定脱贫村西河村一组农业生产沟渠红石护坡长约850米，等。项目工程完成及时率能达到100%，项目建成后验收合格率能达到100%，预期能带动脱贫人口大于等于26人，脱贫户满意度能达到95%以上。 | P28: 1.产出指标-数量指标-新增农业生产沟渠红石护坡：≥850米 2.产出指标-质量指标-项目（工程）验收合格率：100% 3.产出指标-时效指标-项目（工程）完成及时率：100% 4.效益指标-社会效益指标-受益建档立卡贫困人口数：≥26人 5.效益指标-可持续影响指标-工程设计使用年限：≥10年 6.满意度指标-服务对象满意度指标-受益脱贫人口满意度：≥95% | Q28: 主要改善“十三五”定点帮扶村西河村村居环境和改善西河村农业生产灌溉，脱贫人口生产生活条件，预期受益人口西河村村民约1983人，脱贫人口26人，不断提升农村幸福生活满意度。
A29: 28 | B29: 塘南镇 | C29: 新光村 | D29: 否 | E29: 是 | F29: 新光村新建中心沟渠工程 | G29: 乡村建设类 | H29: 新光村新建中心沟渠约1203米等 | I29: 新光村一组 | J29: 2025.01-2025.12 | K29: 塘南镇人民政府 | L29: 94 | M29: 各级财政衔接资金89万元，自筹5万元。 | N29: 新光村一组村民，脱贫人口45人 | O29: 通过在新光村一组新建中心沟渠约1203米等，项目工程完成及时率能达到100%，项目建成后验收合格率能达到100%，预期受益建档立卡脱贫人口数45人，受益脱贫人口满意度能达到95%以上。 | P29: 1.产出指标-数量指标-新增新光村一组中心沟渠数量：≥1203米 2.产出指标-质量指标-项目（工程）验收合格率：100% 3.产出指标-时效指标-项目（工程）完成及时率：100% 4.效益指标-社会效益指标-受益建档立卡脱贫人口数：≥45人 5.效益指标-可持续影响指标-工程设计使用年限：≥10年 6.满意度指标-服务对象满意度指标-受益建档立卡脱贫人口满意度：≥95% | Q29: 改善脱贫户生产生活条件，方便新光村一组农业生产。完善农村农业生产，预期直接受益人口约320人，预期能带动脱贫人口大于等于45人。
A30: 29 | B30: 塘南镇 | C30: 西河村、西联村 | D30: 是 (西河村） | E30: 否 | F30: 西河村、西联村发展新型农村集体经济项目 | G30: 产业类 | H30: 新建钢结构厂房约2400㎡等 | I30: 西联村 | J30: 2025.02-2025.12 | K30: 塘南镇人民政府 | L30: 330 | M30: 各级财政衔接资金300万元，自筹30万元。 | N30: 西河村、西联村 | O30: 通过在西联村小学新建钢结构厂房，面积约2400㎡等，项目工程完成及时率能达到100%，项目建成后验收合格率能达到100%，预期能带动脱贫及监测劳动力就业6人，增加就业人员每人每年收入1.2万元，增加村集体经济收入约16.5万元，受益脱贫人口满意度能达到95%以上。 | P30: 1.产出指标-数量指标-新建钢结构厂房：≥2400平方米 2.效益指标-经济效益指标-产业带动村集体增收：≥16.5万 3.产出指标-质量指标-项目（工程）验收合格率：100% 4.产出指标-时效指标-项目（工程）完成及时率：100% 5.效益指标-社会效益指标-受益建档立卡脱贫人口数：≥6人 6.效益指标-可持续影响指标-工程设计使用年限：≥10年 7.满意度指标-服务对象满意度指标-受益建档立卡脱贫人口满意度：≥95% | Q30: 预期每年可增加西联村集体收入约13.5万元，西河村集体收入3万元，将拿出部分资金用于给脱贫人口分红，预计给10户脱贫户分红每年每户600元，其余部分用于项目维护管理和乡村振兴建设。 | R30: 塘南镇西联村发展新型农村集体经济项目
A31: 30 | B31: 幽兰镇 | C31: 渡头村 | D31: 否 | E31: 否 | F31: 幽兰镇联村（渡头、罗舍、南山）产业帮扶项目 | G31: 产业类 | H31: 新建1栋产业帮扶厂房及相关配套设施等 | I31: 渡头村 | J31: 2025年 | K31: 幽兰镇人民政府 | L31: 390 | M31: 各级财政衔接资金350万元，自筹40万元 | N31: 渡头村、罗舍村、南山村 | O31: 通过在渡头村新建1栋产业帮扶厂房（约2000平）及相关配套设施，项目工程完成及时率能达到100%，项目建成后验收合格率能达到100%，预期能带动脱贫及监测人口24人，带动农户务工30人，增加村集体经济收入约14万元，脱贫户满意度能达到95%以上。 | P31: 1.产出指标-数量指标-新建产业帮扶厂房：≥1栋 2.产出指标-质量指标-项目（工程）验收合格率：100% 3.产出指标-时效指标-项目（工程）完成及时率：100% 4.产出指标-成本指标-项目（工程）成本：≤350万元 5.效益指标-社会效益指标-受益建档立卡贫困人口数：≥24人 6.效益指标-可持续影响指标-工程设计使用年限：≥50年 7.满意度指标-服务对象满意度指标-受益贫困人口满意度：≥95% | Q31: 带动农户务工增收约30人，受益脱贫户约24人，增加村集体收益约14万元。
A32: 31 | B32: 幽兰镇 | C32: 园艺场 | D32: 是 | E32: 否 | F32: 幽兰镇园艺场抗旱抽水线路新装工程 | G32: 乡村建设类 | H32: 邓家、南湖、朱家、熊家、陶赵、北涂、南涂、黄家等8村组果树抗旱抽水改造 | I32: 园艺场 | J32: 2025年 | K32: 幽兰镇人民政府 | L32: 69 | M32: 各级财政衔接资金65万元，自筹4万元 | N32: 园艺场 | O32: 通过在“十三五”省级脱贫村园艺场邓家、南湖、朱家、熊家、陶赵、北涂、南涂、黄家等8村组共计10公里果树抗旱抽水改造。项目工程完成及时率能达到100%，项目建成后验收合格率能达100%，预期益面积1907亩、受益人口1576人，村民满意度能达到95%以上。 | P32: 1.产出指标-数量指标-农村电网改造线路长度：≥10公里 2.产出指标-质量指标-项目（工程）验收合格率：100% 3.产出指标-时效指标-项目（工程）完成及时率：100% 4.产出指标-成本指标-项目（工程）成本：≤65万元 5.效益指标-社会效益指标-受益建档立卡贫困人口数：≥56人 6.效益指标-可持续影响指标-工程设计使用年限：≥10年 7.满意度指标-服务对象满意度指标-受益贫困人口满意度：≥95% | Q32: 改善园艺场基础设施条件，确保农户生产安全，受益脱贫户24户、监测户2户，受益面积1907亩，受益人口1576人。
A33: 32 | B33: 幽兰镇 | C33: 园艺场 | D33: 是 | E33: 否 | F33: 幽兰镇园艺场产业帮扶项目 | G33: 产业类 | H33: 新建1栋产业帮扶厂房及相关配套设施等 | I33: 园艺场 | J33: 2025年 | K33: 幽兰镇人民政府 | L33: 330 | M33: 各级财政衔接资金300万元、自筹30万元 | N33: 园艺场 | O33: 通过在“十三五”省级脱贫村园艺场新建1栋产业帮扶厂房（约2000平）及相关配套设施，项目工程完成及时率能达到100%，项目建成后验收合格率能达到100%，预期能带动脱贫及监测人口24人，带动农户务工30人，增加村集体经济收入约14万元，脱贫户满意度能达到95%以上。 | P33: 1.产出指标-数量指标-新建产业帮扶厂房：≥1栋 2.产出指标-质量指标-项目（工程）验收合格率：100% 3.产出指标-时效指标-项目（工程）完成及时率：100% 4.产出指标-成本指标-项目（工程）成本：≤300万元 5.效益指标-社会效益指标-受益建档立卡贫困人口数：≥24人 6.效益指标-可持续影响指标-工程设计使用年限：≥50年 7.满意度指标-服务对象满意度指标-受益贫困人口满意度：≥95% | Q33: 带动农户务工增收约30人，受益脱贫户约10人，增加村集体收益约14万元。
A34: 33 | B34: 幽兰镇 | C34: 南山村 | D34: 是 | E34: 否 | F34: 幽兰镇南山村产业帮扶项目 | G34: 产业类 | H34: 新建1栋产业帮扶厂房及相关配套设施等 | I34: 南山村 | J34: 2025年 | K34: 幽兰镇人民政府 | L34: 390 | M34: 各级财政衔接资金350万元、自筹40万元 | N34: 南山村 | O34: 通过在“十三五”市级脱贫南山村新建1栋产业帮扶厂房（约1500平），新建315kv变压器一座及配套高低压电力线路及室外排水等配套设施，项目工程完成及时率能达到100%，项目建成后验收合格率能达到100%，预期能带动脱贫及监测人口10人，带动农户务工10人，增加村集体经济收入约8-10万元，脱贫户满意度能达到95%以上。 | P34: 1.产出指标-数量指标-新建产业帮扶厂房：≥1栋 2.产出指标-质量指标-项目（工程）验收合格率：100% 3.产出指标-时效指标-项目（工程）完成及时率：100% 4.产出指标-成本指标-项目（工程）成本：≤350万元 5.效益指标-社会效益指标-受益建档立卡贫困人口数：≥10人 6.效益指标-可持续影响指标-工程设计使用年限：≥50年 7.满意度指标-服务对象满意度指标-受益贫困人口满意度：≥95% | Q34: 带动农户务工增收约10人，受益脱贫户约10人，增加村集体收益约8-10万元。
A35: 34 | B35: 幽兰镇 | C35: 黄坊村 | D35: 否 | E35: 是 | F35: 幽兰镇黄坊村产业帮扶项目 | G35: 产业类 | H35: 新建1栋产业帮扶厂房及相关配套设施等 | I35: 黄坊村 | J35: 2025年 | K35: 幽兰镇人民政府 | L35: 330 | M35: 各级财政衔接资金300万元、自筹30万元 | N35: 黄坊村 | O35: 通过在“十四五”省级重点帮扶村黄坊村新建1栋产业帮扶厂房（约1500平）及相关配套设施，项目工程完成及时率能达到100%，项目建成后验收合格率能达到100%，预期能带动脱贫及监测人口24人，带动农户务工30人，增加村集体经济收入约11万元，脱贫户满意度能达到95%以上。 | P35: 1.产出指标-数量指标-新建产业帮扶厂房：≥1栋 2.产出指标-质量指标-项目（工程）验收合格率：100% 3.产出指标-时效指标-项目（工程）完成及时率：100% 4.产出指标-成本指标-项目（工程）成本：≤300万元 5.效益指标-社会效益指标-受益建档立卡贫困人口数：≥24人 6.效益指标-可持续影响指标-工程设计使用年限：≥50年 7.满意度指标-服务对象满意度指标-受益贫困人口满意度：≥95% | Q35: 带动农户务工增收约30人，受益脱贫户约24人，增加村集体收益约11万元。
A36: 35 | B36: 幽兰镇 | C36: 马游村 | D36: 否 | E36: 否 | F36: 幽兰镇马游村发展新型农村集体经济项目 | G36: 产业类 | H36: 新建1栋产业帮扶厂房及相关配套设施等 | I36: 马游村 | J36: 2025年 | K36: 幽兰镇人民政府 | L36: 220 | M36: 各级财政衔接资金200万元、自筹20万元 | N36: 马游村 | O36: 通过在马游村新建1栋产业帮扶厂房（约1000平）及相关配套设施，项目工程完成及时率能达到100%，项目建成后验收合格率能达到100%，预期能带动脱贫及监测人口24人，带动农户务工30人，增加村集体经济收入约12万元，脱贫户满意度能达到95%以上。 | P36: 1.产出指标-数量指标-新建产业帮扶厂房：≥1栋 2.产出指标-质量指标-项目（工程）验收合格率：100% 3.产出指标-时效指标-项目（工程）完成及时率：100% 4.产出指标-成本指标-项目（工程）成本：≤200万元 5.效益指标-社会效益指标-受益建档立卡贫困人口数：≥24人 6.效益指标-可持续影响指标-工程设计使用年限：≥50年 7.满意度指标-服务对象满意度指标-受益贫困人口满意度：≥95% | Q36: 带动农户务工增收约30人，受益脱贫户约24人，增加村集体收益约12万元。 | R36: 幽兰镇马游村发展新型农村集体经济项目
A37: 36 | B37: 幽兰镇 | C37: 罗舍村 | D37: 是 | E37: 否 | F37: 幽兰镇罗舍村产业帮扶项目 | G37: 产业类 | H37: 新建1栋产业帮扶厂房及相关配套设施等 | I37: 罗舍村 | J37: 2025年 | K37: 幽兰镇人民政府 | L37: 220 | M37: 各级财政衔接资金200万元、自筹20万元 | N37: 罗舍村 | O37: 通过在“十三五”省级脱贫罗舍村新建1栋产业帮扶厂房（约1000平）及配套设施等，项目工程完成及时率能达到100%，项目建成后验收合格率能达到100%，预期能带动脱贫及监测人口10人，带动农户务工10人，增加村集体经济收入约13万元，脱贫户满意度能达到95%以上。 | P37: 1.产出指标-数量指标-新建产业帮扶厂房：≥1栋 2.产出指标-质量指标-项目（工程）验收合格率：100% 3.产出指标-时效指标-项目（工程）完成及时率：100% 4.产出指标-成本指标-项目（工程）成本：≤200万元 5.效益指标-社会效益指标-受益建档立卡贫困人口数：≥10人 6.效益指标-可持续影响指标-工程设计使用年限：≥50年 7.满意度指标-服务对象满意度指标-受益贫困人口满意度：≥95% | Q37: 带动农户务工增收约10人，受益脱贫户约10人，增加村集体收益约13万元。
A38: 37 | B38: 幽兰镇 | C38: 涂村村 | D38: 否 | E38: 是 | F38: 姚家自然村至 村委会道路建设工程 | G38: 乡村建设类 | H38: 村道新建 长度约600米 （其中硬化面长度约150米); 地基土方：约3000方；涉水塘剪力墙350米； | I38: 涂村村 姚家、涂家自然村 自然村 | J38: 2025年 | K38: 幽兰镇人民政府 | L38: 63 | M38: 各级财政 衔接资金 60万元，自筹3万。 | N38: 涂村村 | O38: 通过在“十四五”市级重点帮扶村 在涂村姚家小组范围内进行道路建设600米（硬化长约100米），宽约4米。项目工程完成及时率能达到100%，项目建成后验收合格率能达100%，预期受益面积500余亩、受益人口1100余人，村民满意度能达到95%以上。 | P38: 1.产出指标-数量指标-农村道路新建线路长度：≥0.6公里 2.产出指标-质量指标-项目（工程）验收合格率：100% 3.产出指标-时效指标-项目（工程）完成及时率：100% 4.产出指标-成本指标-项目（工程）成本：≤60万元 5.效益指标-社会效益指标-受益建档立卡贫困人口数：≥56人 6.效益指标-可持续影响指标-工程设计使用年限：≥10年 7.满意度指标-服务对象满意度指标-受益贫困人口满意度：≥95% | Q38: 改善涂村基础设施条件，确保农户生产安全，受益脱贫户约30人，受益面积500余亩，受益人口1100余人。
A39: 38 | B39: 幽兰镇 | C39: 涂村村 | D39: 否 | E39: 是 | F39: 幽兰镇涂村产业帮扶项目 | G39: 产业类 | H39: 新建1栋产业帮扶厂房及相关配套设施等 | I39: 涂村村 | J39: 2025年 | K39: 幽兰镇人民政府 | L39: 330 | M39: 各级财政衔接资金300万元、自筹30万元 | N39: 涂村村 | O39: 通过在“十四五”市级重点帮扶村涂村村新建1栋产业帮扶厂房（约1700平）及配套设施等，项目工程完成及时率能达到100%，项目建成后验收合格率能达到100%，预期能带动脱贫及监测人口10人，带动农户务工10人，增加村集体经济收入约8-10万元，脱贫户满意度能达到95%以上。 | P39: 1.产出指标-数量指标-新建产业帮扶厂房：≥1栋 2.产出指标-质量指标-项目（工程）验收合格率：100% 3.产出指标-时效指标-项目（工程）完成及时率：100% 4.产出指标-成本指标-项目（工程）成本：≤300万元 5.效益指标-社会效益指标-受益建档立卡贫困人口数：≥10人 6.效益指标-可持续影响指标-工程设计使用年限：≥50年 7.满意度指标-服务对象满意度指标-受益贫困人口满意度：≥95% | Q39: 带动农户务工增收约10人，受益脱贫户约10人，增加村集体收益约8-10万元。
A40: 39 | B40: 幽兰镇 | C40: 枫林村 | D40: 否 | E40: 否 | F40: 幽兰镇枫林村产业帮扶项目 | G40: 产业类 | H40: 新建1栋产业帮扶厂房及相关配套设施等 | I40: 枫林村 | J40: 2025年 | K40: 幽兰镇人民政府 | L40: 340 | M40: 各级财政衔接资金300万元、自筹30万元 | N40: 枫林村 | O40: 通过在枫林村新建1栋产业帮扶厂房（约1800平）及相关配套设施，项目工程完成及时率能达到100%，项目建成后验收合格率能达到100%，预期能带动脱贫及监测人口24人，带动农户务工30人，增加村集体经济收入约11万元，脱贫户满意度能达到95%以上。 | P40: 1.产出指标-数量指标-新建产业帮扶厂房：≥1栋 2.产出指标-质量指标-项目（工程）验收合格率：100% 3.产出指标-时效指标-项目（工程）完成及时率：100% 4.产出指标-成本指标-项目（工程）成本：≤300万元 5.效益指标-社会效益指标-受益建档立卡贫困人口数：≥24人 6.效益指标-可持续影响指标-工程设计使用年限：≥50年 7.满意度指标-服务对象满意度指标-受益贫困人口满意度：≥95% | Q40: 带动农户务工增收约30人，受益脱贫户约24人，增加村集体收益约11万元。
A41: 40 | B41: 幽兰镇 | C41: 流芳村 | D41: 否 | E41: 否 | F41: 幽兰镇流芳村产业帮扶项目 | G41: 产业类 | H41: 新建1栋产业帮扶厂房及相关配套设施等 | I41: 流芳村 | J41: 2025年 | K41: 幽兰镇人民政府 | L41: 330 | M41: 各级财政衔接资金300万元、自筹30万元 | N41: 流芳村 | O41: 通过在流芳村新建1栋产业帮扶厂房（约1800平）及相关配套设施，项目工程完成及时率能达到100%，项目建成后验收合格率能达到100%，预期能带动脱贫及监测人口24人，带动农户务工30人，增加村集体经济收入约11万元，脱贫户满意度能达到95%以上。 | P41: 1.产出指标-数量指标-新建产业帮扶厂房：≥1栋 2.产出指标-质量指标-项目（工程）验收合格率：100% 3.产出指标-时效指标-项目（工程）完成及时率：100% 4.产出指标-成本指标-项目（工程）成本：≤300万元 5.效益指标-社会效益指标-受益建档立卡贫困人口数：≥24人 6.效益指标-可持续影响指标-工程设计使用年限：≥50年 7.满意度指标-服务对象满意度指标-受益贫困人口满意度：≥95% | Q41: 带动农户务工增收约30人，受益脱贫户约24人，增加村集体收益约11万元。
A42: 41 | B42: 泾口乡 | C42: 大浦村 | D42: 否 | E42: 是 | F42: 泾口乡大浦村昌万公路至舍里道路硬化工程 | G42: 乡村建设类 | H42: 道路硬化长约1130米、宽4.5米等 | I42: 大浦村 | J42: 2025年 | K42: 泾口乡人民政府 | L42: 253 | M42: 各级财政衔接资金230万，自筹23万 | N42: 大浦村 | O42: 通过在“十四五”省定重点帮扶村大浦村新建硬化道路长约1130米，宽约4.5米，项目工程完成及时率能达到100%，项目建成后验收合格率能达到100%，道路设计使用年限能达到10年，预期能带动脱贫人口大于等于93人，脱贫户满意度能达到95%以上。 | P42: 1.产出指标-数量指标-新建改建公路里程：≥1.13公里 2.产出指标-质量指标-项目（工程）验收合格率：100% 3.产出指标-时效指标-项目（工程）完成及时率：100% 4.效益指标-社会效益指标-受益建档立卡脱贫人口数：≥93人 5.效益指标-可持续影响指标-工程设计使用年限：≥10年 6.满意度指标-服务对象满意度指标-受益脱贫人口满意度：≥95% | Q42: 改善农户日常生产生活条件、村居环境、农村道路状况和脱贫人口生产生活条件，预期受益人口2100人，脱贫人口93人。
A43: 42 | B43: 泾口乡 | C43: 大浦村 | D43: 否 | E43: 是 | F43: 泾口乡大浦邓家中心道路硬化工程 | G43: 乡村建设类 | H43: 道路硬化长约1000米、宽5米等 | I43: 大浦村 | J43: 2025年 | K43: 泾口乡人民政府 | L43: 231 | M43: 各级财政衔接资金210万，自筹21万 | N43: 大浦村 | O43: 通过在“十四五”省定重点帮扶村大浦村新建硬化道路长约1000米，宽约5米，项目工程完成及时率能达到100%，项目建成后验收合格率能达到100%，道路设计使用年限能达到10年，预期能带动脱贫人口大于等于93人，脱贫户满意度能达到95%以上。 | P43: 1.产出指标-数量指标-新建改建公路里程：≥1公里 2.产出指标-质量指标-项目（工程）验收合格率：100% 3.产出指标-时效指标-项目（工程）完成及时率：100% 4.效益指标-社会效益指标-受益建档立卡脱贫人口数：≥93人 5.效益指标-可持续影响指标-工程设计使用年限：≥10年 6.满意度指标-服务对象满意度指标-受益脱贫人口满意度：≥95% | Q43: 改善农户日常生产生活条件、村居环境、农村道路状况和脱贫人口生产生活条件，预期受益人口2100人，脱贫人口93人。
A44: 43 | B44: 泾口乡 | C44: 大浦村 | D44: 否 | E44: 是 | F44: 泾口乡大浦、东方联村产业帮扶基地配套设施工程 | G44: 产业类 | H44: 安装谷王5HXG-22烘干机9台及配套附属设施等 | I44: 大浦村 | J44: 2025年 | K44: 泾口乡人民政府 | L44: 242 | M44: 各级财政衔接资金220，自筹22万 | N44: 大浦村、东方村 | O44: 通过在“十四五”省定重点帮扶村泾口乡大浦、东方联村产业帮扶基地安装谷王5HXG-22烘干机9台及配套附属设施，项目完成及时率能达到100%，项目建成后验收合格率能达到100%，设计使用年限能达到10年，预期能带动脱贫及监测户32户，预计每户年均增加约800元左右，增加村集体经济收入约16万元，脱贫户满意度能达到95%以上。 | P44: 1.产出指标-数量指标-安装烘干机：9台 2.产出指标-质量指标-项目（工程）验收合格率：100% 3.产出指标-时效指标-项目（工程）完成及时率：100% 4.效益指标-经济效益指标-产业带动村集体增收：≥16万 5.效益指标-社会效益指标-受益建档立卡脱贫人口数：≥93人 6.满意度指标-服务对象满意度指标-受益脱贫人口满意度：≥95% | Q44: 预期每年可增加大浦村村集体经济收入约16万元，将拿出部分资金用于给关联的脱贫及监测人口分红，预计每户年均增加约800元左右，其余部分用于项目维护管理和公益性乡村振兴建设类。预期受益人口2100人，脱贫人口93人。
A45: 44 | B45: 泾口乡 | C45: 大浦村 | D45: 否 | E45: 是 | F45: 泾口乡大浦、东方联村产业帮扶辅助设施配套工程 | G45: 产业类 | H45: 安装烘干辅助全套设施壹套等 | I45: 大浦村 | J45: 2025年 | K45: 泾口乡人民政府 | L45: 262 | M45: 各级财政衔接资金238，自筹24万 | N45: 大浦村、东方村 | O45: 通过在“十四五”县定乡村振兴重点帮扶村泾口乡大浦、东方联村产业帮扶基地安装烘干辅助全套设施壹套，项目工程完成及时率能达到100%，项目建成后验收合格率能达到100%，设计使用年限能达到10年，预期能带动脱贫人口大于或等于93人，脱贫户满意度能达到95%以上。 | P45: 1.产出指标-数量指标-安装烘干辅助全套设施：≥1套 2.产出指标-质量指标-项目（工程）验收合格率：100% 3.产出指标-时效指标-项目（工程）完成及时率：100% 4.产出指标-成本指标-项目（工程）成本控制率：≤262万元 5.效益指标-社会效益指标-受益建档立卡贫困人口数：≥93人 6.效益指标-可持续影响指标-工程设计使用年限：≥10年 7.满意度指标-服务对象满意度指标-受益贫困人口满意度：≥95% | Q45: 扶持脱贫户发展项目，预期受益人口2100人，脱贫人口93人。
A46: 45 | B46: 泾口乡 | C46: 大浦村 | D46: 否 | E46: 是 | F46: 泾口乡大浦村楼前东面古塘道路硬化工程 | G46: 乡村建设类 | H46: 道路硬化长约700米、宽4.5米等 | I46: 大浦村 | J46: 2025年 | K46: 泾口乡人民政府 | L46: 91 | M46: 各级财政衔接资金86万，自筹5万 | N46: 大浦村 | O46: 通过在“十四五”省定重点帮扶村大浦村新建硬化道路长约700米，宽约4.5米，项目工程完成及时率能达到100%，项目建成后验收合格率能达到100%，道路设计使用年限能达到10年，预期能带动脱贫人口大于等于93人，脱贫户满意度能达到95%以上。 | P46: 1.产出指标-数量指标-新建改建公路里程：≥0.7公里 2.产出指标-质量指标-项目（工程）验收合格率：100% 3.产出指标-时效指标-项目（工程）完成及时率：100% 4.效益指标-社会效益指标-受益建档立卡脱贫人口数：≥93人 5.效益指标-可持续影响指标-工程设计使用年限：≥10年 6.满意度指标-服务对象满意度指标-受益脱贫人口满意度：≥95% | Q46: 改善农户日常生产生活条件、村居环境、农村道路状况和脱贫人口生产生活条件，预期受益人口2100人，脱贫人口93人。
A47: 46 | B47: 泾口乡 | C47: 东岗村 | D47: 是 | E47: 否 | F47: 泾口乡东岗村老上岸机耕路硬化工程 | G47: 乡村建设类 | H47: 道路硬化长约1100米、宽3米等 | I47: 东岗村 | J47: 2025年 | K47: 泾口乡人民政府 | L47: 91 | M47: 各级财政衔接资金86万元，自筹5万 | N47: 东岗村 | O47: 通过在“十三五”省定脱贫村东岗村新建道路硬化长约1100米、宽3米。项目工程完成及时率能达到100%，项目建成后验收合格率能达到100%，道路设计使用年限能达到10年，预期能带动脱贫人口大于等于43人，脱贫户满意度能达到95%以上。 | P47: 1.产出指标-数量指标-新建改建公路里程：≥1.1公里 2.产出指标-质量指标-项目（工程）验收合格率：100% 3.产出指标-时效指标-项目（工程）完成及时率：100% 4.效益指标-社会效益指标-受益建档立卡脱贫人口数：≥43人 5.效益指标-可持续影响指标-工程设计使用年限：≥10年 6.满意度指标-服务对象满意度指标-受益脱贫人口满意度：≥95% | Q47: 完善农村道路网建设，改善农村道路状况，促进农村经济发展和方便村民日常出行，加快乡村振兴建设，预期受益人口1888人，脱贫人口43人。
A48: 47 | B48: 泾口乡 | C48: 东岗村 | D48: 是 | E48: 否 | F48: 泾口乡东岗村联新公路路灯安装工程 | G48: 乡村建设类 | H48: 安装太阳能路灯400盏等 | I48: 东岗村 | J48: 2025年 | K48: 泾口乡人民政府 | L48: 80 | M48: 各级财政扶贫资金76万元、自筹4万元 | N48: 东岗村 | O48: 通过在“十三五”省定脱贫村东岗村安装太阳能路灯400盏。项目工程完成及时率能达到100%，项目建成后验收合格率能达到100%，道路设计使用年限能达到10年，预期能带动脱贫人口大于等于43人，脱贫户满意度能达到95%以上。 | P48: 1.产出指标-数量指标-安装太阳能路灯：≥400盏 2.产出指标-质量指标-项目（工程）验收合格率：100% 3.产出指标-时效指标-项目（工程）完成及时率：100% 4.效益指标-社会效益指标-受益建档立卡脱贫人口数：≥43人 5.效益指标-可持续影响指标-工程设计使用年限：≥10年 6.满意度指标-服务对象满意度指标-受益脱贫人口满意度：≥95% | Q48: 改善脱贫户生产生活条件，方便村民日常出行，预期受益人口1888人，脱贫人口43人。
... A51: 50 | B51: 泾口乡 | C51: 东方村 | D51: 否 | E51: 是 | F51: 泾口乡东方村熊家沟渠衬砌工程 | G51: 乡村建设类 | H51: 沟渠衬砌长960米、宽1.6米高1.2米等 | I51: 东方村 | J51: 2025年 | K51: 泾口乡人民政府 | L51: 90 | M51: 各级财政衔接资金85万元，自筹5万 | N51: 东岗村 | O51: 通过在“十四五”省定乡村振兴重点帮扶村东方村熊家沟渠衬砌长约960米、宽1.6米、高1.2米等。项目工程完成及时率能达到100%，项目建成后验收合格率能达到100%，道路设计使用年限能达到10年，预期能带动脱贫人口大于等于32人，脱贫户满意度能达到95%以上。 | P51: 1.产出指标-数量指标-新建沟渠衬砌里程：≥0.96公里 2.产出指标-质量指标-项目（工程）验收合格率：100% 3.产出指标-时效指标-项目（工程）完成及时率：100% 4.效益指标-社会效益指标-受益建档立卡脱贫人口数：≥32人 5.效益指标-可持续影响指标-工程设计使用年限：≥10年 6.满意度指标-服务对象满意度指标-受益脱贫人口满意度：≥95% | Q51: 改善脱贫户生产生活条件，促进农民增产增收，加快乡村振兴建设，预期受益人口291人，脱贫人口32人。
A52: 51 | B52: 泾口乡 | C52: 辕门村 | D52: 否 | E52: 是 (东方村） | F52: 泾口乡东方村、辕门村联村发展新型农村集体经济项目 | G52: 产业类 | H52: 新建钢结构厂房约2000㎡等 | I52: 辕门村 | J52: 2025.02-2025.11 | K52: 泾口乡人民政府 | L52: 290 | M52: 各级财政衔接资金260万元，自筹30万元。 | N52: 东方村、辕门村 | O52: 通过在辕门村昌万公路旁新建钢结构厂房，面积约2000㎡等，项目工程完成及时率能达到100%，项目建成后验收合格率能达到100%，预期能带动脱贫及监测劳动力就业1人，增加就业人员每人每年收入6000元，预期能带动20户脱贫户每户每年增收约500元，增加村集体经济收入约11万元，受益脱贫人口满意度能达到95%以上。 | P52: 1.产出指标-数量指标-新建钢结构厂房：≥2000平方米 2.效益指标-经济效益指标-产业带动村集体增收：≥11万 3.产出指标-质量指标-项目（工程）验收合格率：100% 4.产出指标-时效指标-项目（工程）完成及时率：100% 5.效益指标-社会效益指标-受益建档立卡脱贫人口户数：≥20户 6.效益指标-可持续影响指标-工程设计使用年限：≥10年 7.满意度指标-服务对象满意度指标-受益建档立卡脱贫人口满意度：≥95% | Q52: 预期每年可增加体收入约11万元，所的收益资金将拿出部分资金用于给脱贫人口分红，预计给20户脱贫户分红每年每户500元，其余部分用于项目维护管理和乡村振兴建设。 | R52: 泾口乡辕门村发展新型农村集体经济项目
A53: 52 | B53: 塔城乡 | C53: 湖陂村 | D53: 是 | E53: 否 | F53: 2025年塔城乡湖陂村产业帮扶项目及配套设施工程 | G53: 产业类 | H53: 新建一栋乡村振兴产业厂房及附属设施建设等 | I53: 湖陂村 | J53: 2025年 | K53: 塔城乡人民政府 | L53: 260 | M53: 各级财政衔接资金236万，自筹24万 | N53: 湖陂村 | O53: 通过在省“十三五”脱贫村湖陂村新建产业厂房一栋及附属配套设施，项目工程完成及时率能达到100%，项目建成后验收合格率能达到100%。预期增加村集体经济收入约10万元，能带动脱贫户5人。预期带动周边农户就业5人以上，带动脱贫户就业1人以上，人均增加年收入约2000元以上，脱贫户满意度能达到95%以上。 | P53: 1.产出指标-数量指标-新建产业厂房数量：≥1栋 2.产出指标-质量指标-项目（工程）验收合格率：100% 3.产出指标-时效指标-项目（工程）完成及时率：100% 4.效益指标-经济效益指标-产业带动村集体增收：≥10万 5.效益指标-社会效益指标-受益建档立卡脱贫人口数：≥50人. 6.效益指标-社会效益指标-带动就业人数：≥5人 7.满意度指标-服务对象满意度指标-受益脱贫人口满意度：≥95% | Q53: 预期每年可增加湖陂村村集体收入约10万元，将拿出部分资金用于给关联的脱贫人口分红、设置公益岗位、临时救助等，其余部分用于项目维护管理和乡村振兴建设。预期带动脱贫人口就业1人以上，年增收2000元以上。另外，可以带动当地农户就近就业。
A54: 53 | B54: 塔城乡 | C54: 青岚村 | D54: 否 | E54: 是 | F54: 2025年塔城乡青岚村产业帮扶项目及配套设施工程 | G54: 产业类 | H54: 新建一栋乡村振兴产业厂房及附属设施建设等 | I54: 青岚村 | J54: 2025年 | K54: 塔城乡人民政府 | L54: 300 | M54: 各级财政衔接资金272万，自筹28万 | N54: 青岚村 | O54: 通过在“十四五”市级重点帮扶村青岚村新建产业厂房一栋及附属配套设施，项目工程完成及时率能达到100%，项目建成后验收合格率能达到100%。预期增加村集体经济收入约10万元，能带动脱贫户90人。预期带动周边农户就业5人以上，带动脱贫户就业2人以上，人均增加年收入约2000元以上，脱贫户满意度能达到95%以上。 | P54: 1.产出指标-数量指标-新建产业厂房数量：≥1栋 2.产出指标-质量指标-项目（工程）验收合格率：100% 3.产出指标-时效指标-项目（工程）完成及时率：100% 4.效益指标-经济效益指标-产业带动村集体增收：≥10万 5.效益指标-社会效益指标-受益建档立卡脱贫人口数：≥90人. 6.效益指标-社会效益指标-带动就业人数：≥5人 7.满意度指标-服务对象满意度指标-受益脱贫人口满意度：≥95% | Q54: 预期每年可增加青岚村村集体收入约10万元，将拿出部分资金用于给关联的脱贫人口分红、设置公益岗位、临时救助等，其余部分用于项目维护管理和乡村振兴建设。预期带动脱贫人口就业2人以上，年增收2000元以上。另外，可以带动当地农户就近就业。
A55: 54 | B55: 塔城乡 | C55: 湖陂村 | D55: 是 | E55: 否 | F55: 2025年湖陂村产业项目 | G55: 产业类 | H55: 新建产业用房及其附属配套设施等 | I55: 湖陂村 | J55: 2025年 | K55: 塔城乡人民政府 | L55: 300 | M55: 各级财政衔接资金272万，自筹28万 | N55: 湖陂村 | O55: 通过在省“十三五”脱贫村湖陂村新建产业用房及其附属配套设施等，项目工程完成及时率能达到100%，项目建成后验收合格率能达到100%。预期增加村集体经济收入约10万元，能带动脱贫户50人。预期带动周边农户就业5人以上，带动脱贫户就业1人以上，人均增加年收入约2000元以上，脱贫户满意度能达到95%以上。 | P55: 1.产出指标-数量指标-新建产业用房数量：≥1栋 2.产出指标-质量指标-项目（工程）验收合格率：100% 3.产出指标-时效指标-项目（工程）完成及时率：100% 4.效益指标-经济效益指标-产业带动村集体增收：≥10万 5.效益指标-社会效益指标-受益建档立卡脱贫人口数：≥50人. 6.效益指标-社会效益指标-带动就业人数：≥5人 7.满意度指标-服务对象满意度指标-受益脱贫人口满意度：≥95% | Q55: 预期每年可增加湖陂村村集体收入约10万元，将拿出部分资金用于给关联的脱贫人口分红、设置公益岗位、临时救助等，其余部分用于项目维护管理和乡村振兴建设。预期带动脱贫人口就业1人以上，年增收2000元以上。另外，可以带动当地农户就近就业。
A56: 55 | B56: 塔城乡 | C56: 湖陂村 | D56: 是 | E56: 否 | F56: 2025年塔城乡湖陂村基础设施项目 | G56: 乡村建设类 | H56: 新建机耕道长约900米；沟渠改造约300米等 | I56: 湖陂村 | J56: 2025年 | K56: 塔城乡人民政府 | L56: 99 | M56: 各级财政衔接资金94万，自筹5万 | N56: 湖陂村 | O56: 通过在省“十三五”脱贫村湖陂村机耕道改造950米，项目工程完成及时率能达到100%，项目建成后验收合格率能达到100%，道路设计使用年限能达到20年，预期能带动脱贫人口大于等于50人，脱贫户满意度能达到95%以上。 | P56: 1.产出指标-数量指标-机耕道改造里程：≥0.9公里 2.产出指标-质量指标-项目（工程）验收合格率：100% 3.产出指标-时效指标-项目（工程）完成及时率：100% 4.效益指标-社会效益指标-受益建档立卡脱贫人口数：≥50人 5.效益指标-可持续影响指标-工程设计使用年限：≥10年 6.满意度指标-服务对象满意度指标-受益脱贫人口满意度：≥95% | Q56: 改善农户日常生产生活条件、村居环境、农田使用状况和脱贫人口生产生活条件，为原先荒废农田提供便利耕种条件，预期受益人口湖陂村村民约1000人，脱贫人口17人。
A57: 56 | B57: 塔城乡 | C57: 塔城村 | D57: 否 | E57: 是 | F57: 2025年塔城乡塔城村沟渠改造项目 | G57: 乡村建设类 | H57: 沟渠改造修建护坡长约700米等 | I57: 塔城村 | J57: 2025年 | K57: 塔城乡人民政府 | L57: 99 | M57: 各级财政衔接资金94万，自筹5万 | N57: 塔城村 | O57: 通过在“十四五”省级重点帮扶村塔城村沟渠改造修建护坡长约700米，项目工程完成及时率能达到100%，项目建成后验收合格率能达到100%，道路设计使用年限能达到20年，预期能带动脱贫人口大于等于49人，脱贫户满意度能达到95%以上。 | P57: 1.产出指标-数量指标-沟渠改造：≥0.7公里 2.产出指标-质量指标-项目（工程）验收合格率：100% 3.产出指标-时效指标-项目（工程）完成及时率：100% 4.效益指标-社会效益指标-受益建档立卡脱贫人口数：≥50人 5.效益指标-可持续影响指标-工程设计使用年限：≥20年 6.满意度指标-服务对象满意度指标-受益脱贫人口满意度：≥95% | Q57: 改善农户日常生产生活条件、村居环境、农田使用状况和脱贫人口生产生活条件，为原先荒废农田提供便利耕种条件，预期受益人口塔城村村民约1000人，脱贫人口50人。
A58: 57 | B58: 塔城乡 | C58: 塔城村 | D58: 否 | E58: 是 | F58: 2025年塔城村村庄亮灯工程 | G58: 乡村建设类 | H58: 采购路灯一批约150盏等 | I58: 塔城村 | J58: 2025年 | K58: 塔城乡人民政府 | L58: 32 | M58: 各级财政衔接资金30万，自筹2万 | N58: 塔城村 | O58: 通过在“十四五”省级重点帮扶村塔城村沟渠采购路灯一批，项目工程完成及时率能达到100%，项目建成后验收合格率能达到100%，道路设计使用年限能达到10年，预期直接受益人口约2000人以上，脱贫户满意度能达到95%以上。 | P58: 1.产出指标-数量指标-安装路灯数量≥150盏 2.产出指标-质量指标-项目（工程）验收合格率：100% 3.产出指标-时效指标-项目（工程）完成及时率：100% 4.效益指标-社会效益指标-受益建档立卡脱贫人口数：≥50人 5.满意度指标-服务对象满意度指标-受益脱贫人口满意度：≥95% | Q58: 改善出行照明状况，方便村民出行和促进农村经济发盏。预期受益人口塔城村村民约2000人，脱贫人口50人以上。
A59: 58 | B59: 塔城乡 | C59: 青岚村 | D59: 是 | E59: 否 | F59: 2025年青岚村村庄亮灯工程 | G59: 乡村建设类 | H59: 采购路灯一批约150盏等 | I59: 青岚村 | J59: 2025年 | K59: 塔城乡人民政府 | L59: 32 | M59: 各级财政衔接资金30万，自筹2万 | N59: 塔城村 | O59: 通过在“十四五”省级重点帮扶村塔城村沟渠采购路灯一批，项目工程完成及时率能达到100%，项目建成后验收合格率能达到100%，道路设计使用年限能达到10年，预期直接受益人口约2000人以上，脱贫户满意度能达到965%以上。 | P59: 1.产出指标-数量指标-安装路灯数量≥150盏 2.产出指标-质量指标-项目（工程）验收合格率：100% 3.产出指标-时效指标-项目（工程）完成及时率：100% 4.效益指标-社会效益指标-受益建档立卡脱贫人口数：≥90人 5.满意度指标-服务对象满意度指标-受益脱贫人口满意度：≥95% | Q59: 改善出行照明状况，方便村民出行和促进农村经济发盏。预期受益人口塔城村村民约2000人，脱贫人口90人以上。
A60: 59 | B60: 武阳镇 | C60: 郭上村 | D60: 否 | E60: 否 | F60: 郭上村朱坊村楞上村联村水稻种业产业链延伸工程 | G60: 产业类 | H60: 稻谷烘干设备以及配套设施等 | I60: 郭上村 | J60: 2025年 | K60: 武阳镇人民政府 | L60: 352 | M60: 衔接资金320万，不足部分自筹。 | N60: 郭上村、朱坊村、楞上村 | O60: 深入践行“粮头食尾、农头工尾”发展理念，通过加强联村厂房设施设备建设，培育水稻产业加工型链长，形成具有武阳特色的水稻种业研发、育秧、加工、销售等产业链条，推动乡村全产业链升级，增强市场竞争力和可持续发展能力。增加农民就业岗位6人，人均增加就业收入1.6万元左右，受益脱贫户和监测对象约100人，每年增加村集体收入约12.8万元。项目工程完成及时率能达到100%，项目建成后验收合格率能达到100%，脱贫户满意度能达到95%以上。 | P60: 1.产出指标-数量指标-烘干厂房相关设备购置及安装：≥9台烘干机及设施设备 2.产出指标-质量指标-项目（工程）验收合格率：100% 3.产出指标-时效指标-项目（工程）完成及时率：100% 4.产出指标-成本指标-项目（工程）成本控制率：≤352万元 5.效益指标-社会效益指标-受益建档立卡贫困人口数：≥100人 6.效益指标-可持续影响指标-工程设计使用年限：≥10年 7.满意度指标-服务对象满意度指标-受益贫困人口满意度：≥95% 8.满意度指标-服务对象满意度指标-农业经营主体满意度：≥95% | Q60: 带动农户务工增收约6人，受益脱贫户和监测对象约100人，增加村集体收益约12.8万元。
A61: 60 | B61: 武阳镇 | C61: 楞上村 | D61: 否 | E61: 是 | F61: 武阳镇楞上村东岗山变压器改造工程 | G61: 乡村建设类 | H61: 安装变压器（250kva）一套及电线杆附属设施设备等。 | I61: 楞上村 | J61: 2025年 | K61: 武阳镇人民政府 | L61: 28 | M61: 衔接资金26万元，不足部分自筹 | N61: 楞上村 | O61: 通过在“十四五”省定乡村振兴重点帮扶村楞上村东岗山安装变压器一套，含电线杆等附属设施设备等，解决农户排涝灌溉用电需求，确保农户用电安全。预期设备使用年限能达到10年，受益人口1600余人，其中脱贫户和监测对象62人。项目工程完成及时率能达到100%，项目建成后验收合格率能达到100%，脱贫户满意度能达到95%以上。 | P61: 1.产出指标-数量指标-安装设施设备：≥变压器一套及附属设施设备 2.产出指标-质量指标-项目（工程）验收合格率：100% 3.产出指标-时效指标-项目（工程）完成及时率：100% 4.产出指标-成本指标-项目（工程）成本：≤28万元 5.效益指标-社会效益指标-受益建档立卡贫困人口数：≥62人 6.效益指标-可持续影响指标-工程设计使用年限：≥10年 7.满意度指标-服务对象满意度指标-受益贫困人口满意度：≥95% | Q61: 预期受益人口1600余人，其中脱贫户和监测对象62人。解决农户排涝灌溉用电需求，确保农户用电安全。村民满意度能达到95%以上。
A62: 61 | B62: 武阳镇 | C62: 楞上村 | D62: 否 | E62: 是 | F62: 武阳镇楞上村谈家小组芳溪湖段道路硬化工程 | G62: 乡村建设类 | H62: 改造提升一条长约600米的道路等。 | I62: 谈家小组 | J62: 2025年 | K62: 武阳镇人民政府 | L62: 90 | M62: 上级财政衔接资金85万元，不足部分自筹 | N62: 楞上村 | O62: 通过在“十四五”省定乡村振兴重点帮扶村楞上村新建道路长约600米，改善楞上村道路基础设施，方便农户生产和生活，项目工程完成及时率能达到100%，建设后验收合格率能达到100%，道路设计使用年限能达10年，预期直接受益人口1200余人，受益脱贫户和监测对象61人，脱贫人口满意度能达95%以上。 | P62: 1.产出指标-数量指标-道路硬化：≥600米 2.产出指标-质量指标-项目（工程）验收合格率：100% 3.产出指标-时效指标-项目（工程）完成及时率：100% 4.产出指标-成本指标-项目（工程）成本：≤90万元 5.效益指标-社会效益指标-受益建档立卡贫困人口数：≥61人 6.效益指标-可持续影响指标-工程设计使用年限：≥10年 7.满意度指标-服务对象满意度指标-受益贫困人口满意度：≥95% | Q62: 完善农村道路网建设，改善农村道路状况，促进农村经济发展和方便村民日常出行，预期直接受益人口1200余人，受益脱贫户61人。
A63: 62 | B63: 武阳镇 | C63: 楞上村 | D63: 否 | E63: 是 | F63: 楞上村农田灌溉线路改造工程 | G63: 乡村建设类 | H63: 在全村范围内进行农田灌溉线路改造约6500米，线缆长度约19500米等。 | I63: 楞上村 | J63: 2025年 | K63: 武阳镇人民政府 | L63: 53 | M63: 上级财政衔接资金50万元，不足部分自筹 | N63: 楞上村 | O63: 通过在“十四五”省定乡村振兴重点帮扶村楞上村全村范围内实施灌溉线路改造，改造灌溉电线约6500米，改善村民灌溉用电条件，实现灌溉用电安全。项目工程完成及时率能达到100%，项目建成后验收合格率能达100%，电线改造使用年限能达到10年，预期受益面积2424亩，受益人口2500余人，村民满意度能达到95%以上。 | P63: 1.产出指标-数量指标-改造灌溉电线：≥6500m 2.产出指标-质量指标-项目（工程）验收合格率：100% 3.产出指标-时效指标-项目（工程）完成及时率：100% 4.产出指标-成本指标-项目（工程）成本：≤53万元 5.效益指标-社会效益指标-受益建档立卡贫困人口数：≥62人 6.效益指标-可持续影响指标-工程设计使用年限：≥10年 7.满意度指标-服务对象满意度指标-受益贫困人口满意度：≥95% | Q63: 预期受益面积2424亩，受益人口2500余人，改善村民灌溉用电条件，实现灌溉用电安全，村民满意度能达到95%以上。
A64: 63 | B64: 武阳镇 | C64: 楞上村 | D64: 否 | E64: 是 | F64: 武阳镇楞上村新建养殖基地工程 | G64: 产业类 | H64: 新建养殖车间约4500平方米等。 | I64: 张家小组 | J64: 2025年 | K64: 武阳镇人民政府 | L64: 314 | M64: 上级财政衔接资金285万元，不足部分自筹 | N64: 楞上村 | O64: 通过在“十四五”省定乡村振兴重点帮扶村楞上村新建养殖基地约4500平方米等，充分利用村级资源，发展特色优势产业，项目工程完成及时率能达到100%，项目建成后验收合格率能达到100%，预期能带动脱贫及监测人口62人，带动农户务工10人，其中脱贫户和监测对象约3人，增加村集体经济收入约12万元，脱贫户满意度能达到95%以上。 | P64: 1.产出指标-数量指标-新建养殖基地：≥4500㎡ 2.产出指标-质量指标-项目（工程）验收合格率：100% 3.产出指标-时效指标-项目（工程）完成及时率：100% 4.产出指标-成本指标-项目（工程）成本：≤314万元 5.效益指标-社会效益指标-受益建档立卡贫困人口数：≥62人 6.效益指标-可持续影响指标-工程设计使用年限：≥10年 7.满意度指标-服务对象满意度指标-受益贫困人口满意度：≥95% | Q64: 预期带动农户务工增收约10人，其中脱贫户和监测对象约3人；受益脱贫户62人，增加村集体收益约12万元。
... A76: 75 | B76: 广福镇 | C76: 北头村 | D76: 是 | E76: 否 | F76: 广福镇北头村基础照明工程 | G76: 乡村建设类 | H76: 安装50盏路灯等。 | I76: 北头村 | J76: 2025.5-2025.12 | K76: 广福镇人民政府 | L76: 11 | M76: 上级财政资金10万元，自筹1万元 | N76: 北头村 | O76: 通过在市级“十三五”脱贫村北头村配置完善50盏路灯，项目工程完成及时率能达到100%，项目建成后验收合格率能达到100%，项目设计使用年限能达到5年，预期受益脱贫人口48人，脱贫户满意度能达到95%。 | P76: 1.产出指标-数量指标-新增路灯数量：≥50盏 2.产出指标-质量指标-项目（工程）验收合格率：100% 3.产出指标-时效指标-项目（工程）完成及时率：100% 4.效益指标-社会效益指标-受益脱贫人口数：≥48人 5.效益指标-可持续影响指标-工程设计使用年限：≥5年 6.满意度指标-服务对象满意度指标-脱贫户满意度：≥95% | Q76: 改善农村道路状况，促进农村经济发展和方便村民日常出行，预期受益脱贫人口48人。
A77: 76 | B77: 广福镇 | C77: 宋洲村 | D77: 否 | E77: 否 | F77: 广福镇宋洲村发展新型农村集体经济项目 | G77: 产业类 | H77: 新建一栋产业帮扶厂房，结构为一层框架式，建筑面积约为500平米等。 | I77: 宋洲村 | J77: 2025年3月-2025年12月 | K77: 广福镇人民政府 | L77: 84 | M77: 各级财政衔接资金80万元，自筹资金4万元 | N77: 宋洲村 | O77: 新建产业帮扶厂房建筑面积约为500平方米，项目建成后预期增加村集体收入每年约5万元，受益脱贫人口及监测户25户67人，带动脱贫人口就业2人，人均年收入增加1200元，项目工程完成及时率能达到100%，项目建成后验收合格率能达到100%，设计使用年限能达到≥30年，脱贫户满意度能达到95%以上。 | P77: 1.产出指标-数量指标-新建厂房500平方米 2.效益指标-经济效益指标-产业带动村集体增收：≥5万 3.产出指标-质量指标-项目（工程）验收合格率：100% 4.产出指标-时效指标-项目（工程）完成及时率：100% 5.效益指标-社会效益指标-受益建档立卡脱贫人口数：≥67人 6.效益指标-可持续影响指标-工程设计使用年限：≥30年 7.满意度指标-服务对象满意度指标-受益脱贫人口满意度：≥95% | Q77: 预期每年可增加村集体收入约5万元，其中将部分收益直接用于脱贫人口分红，预计每户年均收入为800元左右，预期带动脱贫人口就业2人以及增加当地就业人口的务工机会。 | R77: 广福镇宋洲村发展新型农村集体经济项目
A78: 77 | B78: 广福镇 | C78: 木山村 | D78: 否 | E78: 是 | F78: 广福镇木山村土桥湖至围子里道路硬化工程 | G78: 乡村建设类 | H78: 新建道路硬化长约200米，宽约3.5米等。 | I78: 木山村 | J78: 2025年3月-2025年12月 | K78: 广福镇人民政府 | L78: 18 | M78: 各级财政扶贫资金17万，自筹1万 | N78: 木山村 | O78: 通过在“十四五”省定乡村振兴重点帮扶村木山村，新建道路硬化长约200米，宽约3.5米；项目工程完成及时率能达到100%，项目建成后验收合格率能达到100%，道路设计使用年限能达到10年，预期受益脱贫户15人，脱贫户满意度能达到95%以上。 | P78: 1.产出指标-数量指标-新增重点村硬化路里程：≥0.2公里 2.产出指标-质量指标-项目（工程）验收合格率：100% 3.产出指标-时效指标-项目（工程）完成及时率：100% 4.效益指标-社会效益指标-受益建档立卡脱贫人口数：≥15人 5.效益指标-可持续影响指标-工程设计使用年限：≥10年 6.满意度指标-服务对象满意度指标-受益脱贫人口满意度：≥95% | Q78: 主要改善“十四五”省定重点帮扶村木山村生产生活条件，降低农民农作物运输成本，促进农民增产增收，预期直接受益面积180亩，受益人口310人，其中脱贫户及监测对象15人。
A79: 78 | B79: 广福镇 | C79: 木山村 | D79: 否 | E79: 是 | F79: 广福镇木山村朱家垅至上头沟道路硬化工程 | G79: 乡村建设类 | H79: 新建道路硬化长约350米，宽约3米等。 | I79: 木山村 | J79: 2025年3月-2025年12月 | K79: 广福镇人民政府 | L79: 27 | M79: 各级财政扶贫资金25万，自筹2万 | N79: 木山村 | O79: 通过在“十四五”省定乡村振兴重点帮扶村木山村，新建道路硬化长约350米，宽约3米；项目工程完成及时率能达到100%，项目建成后验收合格率能达到100%，道路设计使用年限能达到10年，预期受益脱贫户20人，脱贫户满意度能达到95%以上。 | P79: 1.产出指标-数量指标-新增重点村硬化路里程：≥0.35公里 2.产出指标-质量指标-项目（工程）验收合格率：100% 3.产出指标-时效指标-项目（工程）完成及时率：100% 4.效益指标-社会效益指标-受益建档立卡脱贫人口数：≥20人 5.效益指标-可持续影响指标-工程设计使用年限：≥10年 6.满意度指标-服务对象满意度指标-受益脱贫人口满意度：≥95% | Q79: 主要改善“十四五”省定重点帮扶村木山村生产生活条件，降低农民农作物运输成本，促进农民增产增收，预期直接受益面积400亩，受益人口约600人，其中脱贫户及监测对象20人。
A80: 79 | B80: 广福镇 | C80: 木山村 | D80: 否 | E80: 是 | F80: 广福镇木山村浬湖组至北头村道路硬化工程 | G80: 乡村建设类 | H80: 新建道路硬化长约500米，宽约5米等。 | I80: 木山村 | J80: 2025年3月-2025年12月 | K80: 广福镇人民政府 | L80: 63 | M80: 各级财政扶贫资金60万，自筹3万 | N80: 木山村 | O80: 通过在“十四五”省定乡村振兴重点帮扶村木山村，新建道路硬化长约500米，宽约5米；项目工程完成及时率能达到100%，项目建成后验收合格率能达到100%，道路设计使用年限能达到10年，预期受益脱贫人口及监测对象45人，脱贫户满意度能达到95%以上。 | P80: 1.产出指标-数量指标-新增重点村硬化路里程：≥0.5公里 2.产出指标-质量指标-项目（工程）验收合格率：100% 3.产出指标-时效指标-项目（工程）完成及时率：100% 4.效益指标-社会效益指标-受益建档立卡脱贫人口数：≥45人 5.效益指标-可持续影响指标-工程设计使用年限：≥10年 6.满意度指标-服务对象满意度指标-受益脱贫人口满意度：≥95% | Q80: 主要改善“十四五”省定重点帮扶村木山村生产生活条件，降低农民农作物运输成本，促进农民增产增收，预期直接受益面积500亩，受益人口约900人，不断提升农村幸福生活满意度。
A81: 80 | B81: 三江镇 | C81: 汗塘村 | D81: 是 | E81: 否 | F81: 汗塘村新居小组至前坪村小组排水渠拆除重建项目 | G81: 乡村建设类 | H81: 对新居小组至前坪村小组灌溉水渠进行拆除重建，水渠长约685米等 | I81: 三江镇 汗塘村 | J81: 2025年 | K81: 三江镇 人民政府 | L81: 110 | M81: 上级财政资金100万元，自筹资金10万元 | N81: 汗塘村 | O81: 通过在“十三五”市级脱贫村汗塘村新居小组至前坪村小组灌溉水渠进行拆除重建，水渠长约685米，项目工程完成及时率能达到100%，项目建成后验收合格率能达到100%，项目设计使用年限能达到10年，预期受益脱贫人口数17人，脱贫户满意度能达到95%。 | P81: 1.产出指标-数量指标-重建水渠长度：≥685m 2.产出指标-质量指标-项目（工程）验收合格率：100% 3.产出指标-时效指标-项目（工程）完成及时率：100% 4.效益指标-社会效益指标-受益脱贫人口数：≥17人 5.效益指标-可持续影响指标-工程设计使用年限：≥10年 6.满意度指标-服务对象满意度指标-脱贫户满意度：≥95% | Q81: 改善农村灌溉用水状况，促进农村经济发展，预期受益脱贫人口17人。
A82: 81 | B82: 三江镇 | C82: 岗坊村 | D82: 否 | E82: 是 | F82: 三江镇岗坊村岭西大桥至岗前桥头路灯亮化工程 | G82: 乡村建设类 | H82: 在岗坊村岭西大桥至岗前桥头公路共3公里新增路灯约150盏等 | I82: 三江镇 岗坊村 | J82: 2025年 | K82: 三江镇 人民政府 | L82: 31 | M82: 上级财政资金29万元，自筹资金2万元 | N82: 岗坊村 | O82: 通过在“十四五”省级重点村岗坊村岭西大桥至岗前桥头公路新增路灯约150盏，项目工程完成及时率能达到100%，项目建成后验收合格率能达到100%，项目设计使用年限能达到10年，预期受益脱贫人口23人，脱贫户满意度能达到95%。 | P82: 1.产出指标-数量指标-新增路灯：≥150盏 2.产出指标-质量指标-项目（工程）验收合格率：100% 3.产出指标-时效指标-项目（工程）完成及时率：100% 4.效益指标-社会效益指标-受益脱贫人口数：≥23人 5.效益指标-可持续影响指标-工程设计使用年限：≥10年 6.满意度指标-服务对象满意度指标-脱贫户满意度：≥95% | Q82: 改善村居环境，改善脱贫户生产生活条件，预期受益脱贫人口23人。
A83: 82 | B83: 三江镇 | C83: 岗坊村 | D83: 否 | E83: 是 | F83: 三江镇岗坊村灵堂至岭西大桥旁的山脚下排水沟工程 | G83: 乡村建设类 | H83: 岗坊村灵堂至昌吉赣铁路脚下新建排水沟约120m，昌吉赣铁路脚下至岭西大桥旁的山脚下新建排水沟约315m，共计新建排水沟约435m等 | I83: 三江镇 岗坊村 | J83: 2025年 | K83: 三江镇 人民政府 | L83: 80 | M83: 上级财政资金76万元，自筹资金4万元 | N83: 岗坊村 | O83: 通过在“十四五”省级重点村岗坊村三江镇岗坊村灵堂至岭西大桥旁山脚建设排水沟约435m，项目工程完成及时率能达到100%，项目建成后验收合格率能达到100%，项目设计使用年限能达到10年，预期受益脱贫人口15人，脱贫户满意度能达到95%。 | P83: 1.产出指标-数量指标-新建排水沟：≥435m 2.产出指标-质量指标-项目（工程）验收合格率：100% 3.产出指标-时效指标-项目（工程）完成及时率：100% 4.效益指标-社会效益指标-受益脱贫人口数：≥15人 5.效益指标-可持续影响指标-工程设计使用年限：≥10年 6.满意度指标-服务对象满意度指标-脱贫户满意度：≥95% | Q83: 改善农村灌溉用水状况，改善脱贫户生产生活条件，预期受益脱贫人口15人。
A84: 83 | B84: 三江镇 | C84: 徐罗村 | D84: 否 | E84: 是 | F84: 三江镇徐罗村乡村振兴帮扶厂房新增变压器项目 | G84: 乡村建设类 | H84: 新增250kVA变压器一台等 | I84: 三江镇 徐罗村 | J84: 2025年 | K84: 三江镇 人民政府 | L84: 21 | M84: 上级财政资金20万元，自筹1万元 | N84: 徐罗村 | O84: 通过在“十四五”市定乡村振兴重点帮扶村徐罗村的乡村振兴帮扶厂房新增250kVA变压器一台，项目工程完成及时率能达到100%，项目建成后验收合格率能达到100%，项目设计使用年限能达到10年，预期受益脱贫人口5人，脱贫户满意度能达到95%。 | P84: 1.产出指标-数量指标-新增250kVA变压器：=1台 2.产出指标-质量指标-项目（工程）验收合格率：100% 3.产出指标-时效指标-项目（工程）完成及时率：100% 4.效益指标-社会效益指标-受益脱贫人口数：≥5人 5.效益指标-可持续影响指标-工程设计使用年限：≥10年 6.满意度指标-服务对象满意度指标-脱贫户满意度：≥95% | Q84: 解决设备安全隐患，促进农村经济发展，预期受益脱贫人口5人。
A85: 84 | B85: 三江镇 | C85: 源溪村 | D85: 否 | E85: 否 | F85: 三江镇源溪村发展新型农村集体经济项目 | G85: 产业类 | H85: 采购农机设备等 | I85: 三江镇源溪村 | J85: 2025年 | K85: 三江镇 人民政府 | L85: 72 | M85: 上级财政资金68万元，自筹4万元 | N85: 源溪村 | O85: 通过在源溪村采购农机设备，项目工程完成及时率能达到100%，项目建成后验收合格率能达到100%，项目设计使用年限能达到10年，预期受益脱贫人口5人，预计增加村集体收入2.5万元，脱贫户满意度能达到95%。 | P85: 1.产出指标-数量指标-采购农机设备：≥1套 2.产出指标-质量指标-项目（工程）验收合格率：100% 3.产出指标-时效指标-项目（工程）完成及时率：100% 4.效益指标-社会效益指标-受益脱贫人口数：≥5人 5.效益指标-可持续影响指标-工程设计使用年限：≥10年 6.效益指标-经济效益指标-增加村集体收入：≥2.5万元 7.满意度指标-服务对象满意度指标-脱贫户满意度：≥95% | Q85: 预期每年可增加源溪村财政收入约2.5万元，将拿出部分资金用于给关联的脱贫及监测人口分红，预计每户年均增加约400元左右，其余部分用于项目维护管理和乡村振兴建设等公益性事业。 | R85: 三江镇源溪村发展新型农村集体经济项目
A86: 85 | B86: 黄马乡 | C86: 罗渡村 | D86: 是 | E86: 是 | F86: 罗渡村太阳能路灯安装工程 | G86: 乡村建设类 | H86: 罗渡村14个自然村，新增太阳能路灯约100盏 | I86: 罗渡村 | J86: 2025年12月前竣工 | K86: 黄马乡人民政府 | L86: 20 | M86: 上级财政资金19万元，自筹1万元 | N86: 罗渡村 | O86: 通过在“十三五”省定脱贫村罗渡村安装太阳能路灯，改善村民生产生活条件。项目验收合格率达100%，项目完成及时率达100%,受益建档立卡脱贫人口18户52人，脱贫人口满意度达95%。 | P86: 1.产出指标-数量指标-新增太阳能路灯：100盏 2.产出指标-质量指标-项目（工程）验收合格率：100% 3.产出指标-时效指标-项目（工程）完成及时率：100% 4.效益指标-社会效益指标-受益脱贫人口数≥52人 5.满意度指标-服务对象满意度指标-建档立卡脱贫人口满意度：≥95% | Q86: 项目建成后改善农村生产生活状况，提升农户以及脱贫户的生产条件，促进农村经济发展和方便村民日常出行。预期直接受益面积约2143亩，受益人口约2410人，其中脱贫人口52人。
A87: 86 | B87: 黄马乡 | C87: 罗渡村 | D87: 是 | E87: 是 | F87: 罗渡村北岸排水沟渠护坡工程 | G87: 乡村建设类 | H87: 罗渡村航道东至沥一组间长约480米，高约2.3米的水渠护坡等 | I87: 罗渡村 | J87: 2025年12月前竣工 | K87: 黄马乡人民政府 | L87: 86 | M87: 上级财政资金81万元，自筹5万元 | N87: 罗渡村 | O87: 通过对阻碍农田灌溉和排涝的问题进行整治改造提升，在“十三五”省定脱贫村罗渡村航道东至沥一组间长约480米，高2.3米水渠修建护坡，完善农田水利基础设施，保障农业灌溉用水和排涝、改善农业生产条件。项目验收合格率100%，项目完成及时率达100%，受益建档立卡脱贫人口18户52人，脱贫人口满意度达95%。 | P87: 1.产出指标-数量指标-农业灌溉渠护坡长：约480米 2.产出指标-质量指标-项目（工程）验收合格率：100% 3.产出指标-时效指标-项目（工程）完成及时率：100% 4.效益指标-社会效益指标-受益脱贫人口数≥52人 5.满意度指标-服务对象满意度指标-建档立卡脱贫人口满意度：≥95% | Q87: 项目建成后解决农田灌溉和排涝“最后一公里”问题，完善农田水利基础设施，保障农业灌溉用水和排涝、改善农业生产条件，促进农民保产增收。预期直接受益面积约2143亩，受益人口约2410人，其中脱贫人口52人。
A88: 87 | B88: 黄马乡 | C88: 冯家村 | D88: 否 | E88: 是 | F88: 冯家村仓储保鲜库配套项目 | G88: 产业类 | H88: 1、场地硬化1600m²； 2、钢构棚650m²； 3、40吨存储设备6个等 | I88: 冯家村 | J88: 2025年12月前竣工 | K88: 黄马乡人民政府 | L88: 63 | M88: 上级财政资金60万元.自筹3万元 | N88: 冯家村 | O88: 通过在“十四五”省定乡村振兴重点帮扶村冯家村仓储保鲜库配套项目，预计每年增加村集体收入约2.5万元。项目验收合格率达100%，项目完成及时率达100%,受益建档立卡脱贫人口25户50人，脱贫人口满意度达95%。 | P88: 1.产出指标-数量指标-场地硬化：1600m² 2.产出指标-数量指标-钢构棚650m² 3.产出指标-数量指标-40吨存储设备6个 4.产出指标-质量指标-项目（工程）验收合格率：100% 5.产出指标-时效指标-项目（工程）完成及时率：100% 6.效益指标-经济效益指标-带动村集体收入（总收入）≥2.5万元 7.效益指标-社会效益指标-受益脱贫人口数≥50人 8.满意度指标-服务对象满意度指标-建档立卡脱贫人口满意度：≥95% | Q88: 项目建成后预期增加村集体收入约2.5万元，部分收益用于脱贫人口和监测对象分红，受益脱贫人口约50人，户年均增加收入约100元，预期带动当地脱贫人口就业务工1人，年均增收约5000元。
A89: 88 | B89: 黄马乡 | C89: 冯家村 | D89: 否 | E89: 是 | F89: 冯家村沟渠衬砌工程 | G89: 乡村建设类 | H89: 冯家村徐园组沟渠衬砌长628m等 | I89: 冯家村 | J89: 2025年12月前竣工 | K89: 黄马乡人民政府 | L89: 95 | M89: 上级财政资金90万元，自筹5万元 | N89: 冯家村 | O89: 通过在“十四五”省定乡村振兴重点帮扶村冯家村徐园组抽水沟渠衬砌长628m，改善村民生产条件。项目验收合格率达100%，项目完成及时率达100%,受益建档立卡脱贫人口10户25人，脱贫人口满意度达95%。 | P89: 1.产出指标-数量指标-抽水沟渠衬砌长:628m 2.产出指标-质量指标-项目（工程）验收合格率：100% 3.产出指标-时效指标-项目（工程）完成及时率：100% 4.效益指标-社会效益指标-受益脱贫人口数≥25人 5.满意度指标-服务对象满意度指标-建档立卡脱贫人口满意度：≥95% | Q89: 项目建成后改善农村生产生活状况，提升农户以及脱贫户的生产条件，促进农民保产增收。预期受益建档立卡脱贫人口10户25人.预期直接收益面积约1168亩，受益人口约810人，其中脱贫人口25人.
A90: 89 | B90: 黄马乡 | C90: 冯家村 | D90: 否 | E90: 是 | F90: 冯家村朱坊组庵下塘护坡工程 | G90: 乡村建设类 | H90: 护坡长度160米等 | I90: 冯家村 | J90: 2025年12月前竣工 | K90: 黄马乡人民政府 | L90: 53 | M90: 上级财政资金50万元，自筹3万元 | N90: 冯家村 | O90: 通过在“十四五”省定乡村振兴重点帮扶村冯家村朱坊组庵下塘整治项目，改善村民生产条件。项目验收合格率达100%，项目完成及时率达100%,受益建档立卡脱贫人口4户6人，脱贫人口满意度达95%。 | P90: 1.产出指标-数量指标-护坡长160米 2.产出指标-质量指标-项目（工程）验收合格率：100% 3.产出指标-时效指标-项目（工程）完成及时率：100% 4.效益指标-社会效益指标-受益脱贫人口数≥6人 5.满意度指标-服务对象满意度指标-建档立卡脱贫人口满意度：≥95% | Q90: 项目建成后改善农村生产生活状况，提升农户以及脱贫户的生产条件，促进农民保产增收。预期受益建档立卡脱贫人口4户6人.预期直接受益面积约642亩，收益人口约616人，其中脱贫人口6人.
A91: 90 | B91: 黄马乡 | C91: 上洛村 | D91: 否 | E91: 是 | F91: 上洛村村道路灯安装项目 | G91: 乡村建设类 | H91: 安装路灯约110盏等 | I91: 上洛村 | J91: 2025年12月前竣工 | K91: 黄马乡人民政府 | L91: 24 | M91: 上级财政资金22万元，自筹2万元 | N91: 上洛村 | O91: 通过在“十四五”市定乡村振兴重点帮扶村冯上洛村安装路灯约110盏，改善村民生产生活条件。项目验收合格率达100%，项目完成及时率达100%,受益建档立卡脱贫人口26户58人，脱贫人口满意度达95%。 | P91: 1.产出指标-数量指标-安装路灯：110盏 2.产出指标-质量指标-项目（工程）验收合格率：100% 3.产出指标-时效指标-项目（工程）完成及时率：100% 4.效益指标-社会效益指标-受益脱贫人口数≥58人 5.满意度指标-服务对象满意度指标-建档立卡脱贫人口满意度：≥95% | Q91: 项目建成后改善农村生产生活状况，提升农户以及脱贫户的生产条件，促进农民保产增收。预期受益建档立卡脱贫人口26户58人。预期直接受益面积约2430亩，受益人口约1870人，其中脱贫人口58人
A92: 91 | B92: 黄马乡 | C92: 上洛村 | D92: 否 | E92: 是 | F92: 上洛村上洛组龙干沟渠改建项目 | G92: 乡村建设类 | H92: 改建沟渠约450米等 | I92: 上洛村 | J92: 2025年12月前竣工 | K92: 黄马乡人民政府 | L92: 42 | M92: 上级财政资金40万元，自筹2万元 | N92: 上洛村 | O92: 通过在“十四五”省定乡村振兴重点帮扶村上洛村上洛组改建沟渠约450米，改善村民生产条件。项目验收合格率达100%，项目完成及时率达100%,受益建档立卡脱贫人口20户50人，脱贫人口满意度达95%。 | P92: 1.产出指标-数量指标-改建沟渠:450米 2.产出指标-质量指标-项目（工程）验收合格率：100% 3.产出指标-时效指标-项目（工程）完成及时率：100% 4.效益指标-社会效益指标-受益脱贫人口数≥50人 5.满意度指标-服务对象满意度指标-建档立卡脱贫人口满意度：≥95% | Q92: 项目建成后改善农村生产生活状况，提升农户以及脱贫户的生产条件，促进农民保产增收。预期受益建档立卡脱贫人口20户50人。预期直接受益面积约1800亩，受益人口约1300人，其中脱贫人口50人
A93: 92 | B93: 黄马乡 | C93: 白城村 | D93: 是 | E93: 是 | F93: 白城村西边闸至上石桥基本农田沟渠水泥浇筑工程 | G93: 乡村建设类 | H93: 1、沟渠水泥浇筑：长1680米，宽0.5米，高0.6米。 2、沟渠过水涵管：6节。 沟渠过水涵管两端水泥硬化：长8米，宽0.5米，高1.5米。 | I93: 白城村 | J93: 2025年12月前竣工 | K93: 黄马乡人民政府 | L93: 59 | M93: 上级财政资金56万元，自筹3万元 | N93: 白城村 | O93: 通过在“十三五”市级脱贫村白城村建设西边闸至上石桥基本农田沟渠水泥浇筑工程，改善村民生产条件。项目验收合格率达100%，项目完成及时率达100%,受益建档立卡脱贫人口7户16人，脱贫人口满意度达95%。 | P93: 1.产出指标-数量指标-沟渠水泥浇筑：1680米 2、产出指标-数量指标-沟渠过水涵管：6节 2、产出指标-数量指标-两边水泥硬化：8米 3.产出指标-质量指标-项目（工程）验收合格率：100% 4.产出指标-时效指标-项目（工程）完成及时率：100% 5.效益指标-社会效益指标-受益脱贫人口数≥16人 6.满意度指标-服务对象满意度指标-建档立卡脱贫人口满意度：≥95% | Q93: 项目建成后改善农村生产状况，提升农户以及脱贫户的生产条件，降低农作物干旱率，提高农作物产量，从而增加农户收入。预期受益面积600亩，受益人口1200人，其中受益脱贫人口16人。
A94: 93 | B94: 黄马乡 | C94: 白城村 | D94: 是 | E94: 是 | F94: 白城村基本农田灌溉电网改造工程 | G94: 乡村建设类 | H94: 安装农田灌溉抽水电线杆80根，架设线路约8000米等 | I94: 白城村 | J94: 2025年12月前竣工 | K94: 黄马乡人民政府 | L94: 34 | M94: 上级财政资金32万元，自筹2万元 | N94: 白城村 | O94: 通过在“十三五”市级脱贫村白城村建设基本农田灌溉电网改造工程，改善村民生产条件。项目验收合格率达100%，项目完成及时率达100%,受益建档立卡脱贫人口28户69人，脱贫人口满意度达95%。 | P94: 1.产出指标-数量指标- 安装农田灌溉抽水电线杆:80根 2.产出指标-数量指标- 架设线路:8000米 3.产出指标-质量指标-项目（工程）验收合格率：100% 4.产出指标-时效指标-项目（工程）完成及时率：100% 5.效益指标-社会效益指标-受益脱贫人口数≥69人 6.满意度指标-服务对象满意度指标-建档立卡脱贫人口满意度：≥95% | Q94: 项目建成后改善农村生产生活状况，提升农户以及脱贫户的生产条件，促进农民保产增收。预期直接受益面积约1820亩，受益人口约1850人，其中脱贫人口69人
A95: 94 | B95: 黄马乡 | C95: 白城村 | D95: 是 | E95: 是 | F95: 白城村太阳能路灯安装工程 | G95: 乡村建设类 | H95: 白城村12个组安装太阳能路灯共200盏等 | I95: 白城村 | J95: 2025年12月前竣工 | K95: 黄马乡人民政府 | L95: 28 | M95: 上级财政资金26万元，自筹2万元 | N95: 白城村 | O95: 通过在“十三五”市级脱贫村白城村建设基本农田灌溉电网改造工程，改善村民生产条件。项目验收合格率达100%，项目完成及时率达100%,受益建档立卡脱贫人口28户63人，脱贫人口满意度达95%。 | P95: 1.产出指标-数量指标- 安装太阳能路灯:200盏 2.产出指标-质量指标-项目（工程）验收合格率：100% 3.产出指标-时效指标-项目（工程）完成及时率：100% 4.效益指标-社会效益指标-受益脱贫人口数≥63人 5.满意度指标-服务对象满意度指标-建档立卡脱贫人口满意度：≥95% | Q95: 项目建成后改善农村人居环境，提升农户以及脱贫户的生活条件。预期直接受益面积约2375亩，受益人口约2627人，其中脱贫人口63人
A96: 95 | B96: 黄马乡 | C96: 白城村 | D96: 是 | E96: 是 | F96: 黄马乡白城村东牌头上石桥改建项目 | G96: 乡村建设类 | H96: 改建桥长约6米，宽约4米；桥面两端硬化长度约40米，宽约3米等 | I96: 白城村 | J96: 2025年 | K96: 黄马乡人民政府 | L96: 35 | M96: 上级财政资金33万元，自筹2万元 | N96: 白城村 | O96: 通过在“十三五”市定脱贫村白城村东牌头上石桥改建项目，桥面两端硬化长度40米，宽3米。项目验收合格率达100%，项目完成及时率达100%。受益建档立卡脱贫人口7户16人，脱贫人口满意度达95%。 | P96: 1.产出指标-数量指标-改建石桥：6米 2.产出指标-数量指标-桥面两端硬化：40米 3.产出指标-质量指标-项目（工程）验收合格率：100% 4.产出指标-时效指标-项目（工程）完成及时率：100% 5.效益指标-社会效益指标-受益脱贫人口数≥16人 6.满意度指标-服务对象满意度指标-建档立卡脱贫人口满意度：≥95% | Q96: 项目建成后改善农村生产生活状况，提升农户以及脱贫户的生产条件，促进农村经济发展和方便村民日常出行。预期直接受益面积约1185亩，受益人口约1200人，其中脱贫人口16人。
A97: 96 | B97: 黄马乡 | C97: 丰林村 | D97: 否 | E97: 否 | F97: 黄马乡丰林村发展新型农村集体经济项目 | G97: 产业类 | H97: 购买自动化墨水灌装机1套、pe包装袋生产设备1套等 | I97: 丰林村 | J97: 2025年12月前竣工 | K97: 黄马乡人民政府 | L97: 72 | M97: 上级财政资金68万元，自筹4万元 | N97: 丰林村 | O97: 通过购买自动化墨水灌装机1套、pe包装袋生产设备1套等。项目验收合格率达100%，项目完成及时率达100%。项目建成后预期增加村集体收入约3万元/年，部分收益用于脱贫人口和监测对象分红，受益建档立卡脱贫人口24户58人，脱贫人口满意度达95%。 | P97: 1.产出指标-数量指标-自动化墨水灌装机：1套 2.产出指标-数量指标- pe包装袋生产设备:1套 3.产出指标-质量指标-项目（工程）验收合格率：100% 4.产出指标-时效指标-项目（工程）完成及时率：100% 5、效益指标-经济效益指标-产业带动村集体增收：≥3万元 6.效益指标-社会效益指标-受益脱贫人口数≥58人 7.满意度指标-服务对象满意度指标-建档立卡脱贫人口满意度：≥95% | Q97: 项目建成后预期增加村集体收入约3万元/年，部分收益用于脱贫人口和监测对象分红，受益脱贫人口约58人，户年均增加收入约100元，预期带动当地脱贫人口就业务工2人，年均增收约5000元。 | R97: 黄马乡丰林村发展新型农村集体经济项目
A98: 97 | B98: 黄马乡 | C98: 徐家村 | D98: 否 | E98: 否 | F98: 黄马乡徐家村、白城村、岭前村联村产业发展项目 | G98: 产业类 | H98: 新建一栋产业帮扶厂房及附属配套设施等 | I98: 徐家村 | J98: 2025年 | K98: 黄马乡人民政府 | L98: 385 | M98: 各级财政衔接资金350万元，自筹35万元。 | N98: 徐家村、白城村、岭前村 | O98: 通过在徐家村新建一栋产业帮扶厂房及附属配套设施等，项目完成及时率能达到100%，项目建成后验收合格率能达到100%，预期能带动脱贫及监测户10户，预计每户年均增加约600元左右，增加村集体经济收入约15万元，脱贫户满意度能达到95%以上。 | P98: 1.产出指标-数量指标-建设厂房：1栋 2.产出指标-质量指标-项目（工程）验收合格率：100% 3.产出指标-时效指标-项目（工程）完成及时率：100% 4.效益指标-经济效益指标-产业带动村集体增收：≥15万 5.效益指标-社会效益指标-受益建档立卡脱贫人口数：≥10人 6.满意度指标-服务对象满意度指标-受益脱贫人口满意度：≥95% | Q98: 项目建成后预期增加村集体收入约15万元，部分收益用于脱贫人口和监测对象分红，受益脱贫人口约10，户年均增加收入约600元，预期带动当地脱贫人口就业务工1人，年均增收约5000元。
A99: 98 | B99: 黄马乡 | C99: 徐家村 | D99: 否 | E99: 否 | F99: 黄马乡徐家村产业配套变压器项目 | G99: 乡村建设类 | H99: 安装250kva美式箱式变压器一套等 | I99: 徐家村 | J99: 2025年 | K99: 黄马乡人民政府 | L99: 24 | M99: 各级财政衔接资金22万元，自筹2万元 | N99: 徐家村、白城村、岭前村 | O99: 通过在黄马乡徐家村、白城村、岭前村联村产业安装250kva变压器一套，完善电力配套设施。项目验收合格率达100%，项目完成及时率达100%。受益建档立卡脱贫人口10人，脱贫人口满意度达95%。 | P99: 1.产出指标-数量指标-安装变压器：1套 2.产出指标-质量指标-项目（工程）验收合格率：100% 3.产出指标-时效指标-项目（工程）完成及时率：100% 4.效益指标-社会效益指标-受益脱贫人口数≥10人 5.满意度指标-服务对象满意度指标-建档立卡脱贫人口满意度：≥95% | Q99: 项目建成后可完善黄马乡徐家村、白城村、岭前村联村产业设施，使产业正常运行，从而增加村集体经济收益，受益建档立卡脱贫人口10人。
A100: 99 | B100: 银三角 | C100: 春溪村 | D100: 否 | E100: 是 | F100: 银三角春溪村沟渠机耕道改建工程项目 | G100: 乡村建设类 | H100: 沟渠改建长约450米，高1-1.5米，宽1.2-1.5米，机耕道改建长约280米、宽4米等 | I100: 春溪村 | J100: 2025年 | K100: 银三角街道办 | L100: 70 | M100: 衔接资金66万，自筹4万。 | N100: 春溪村 | O100: 主要改善“十四五”县定乡村振兴重点帮扶村春溪村村居环境、改善脱贫人口生产生活条件，促进当地农民增产增收，拟改建沟渠长约450米，高1-1.5米，宽1.2-1.5米；改建机耕道长约280米、宽4米。项目工程完成及时率能达到100%，项目建成后验收合格率能达到100%，设施设计使用年限能达到10年，预期能带动脱贫人口大于等于27人，脱贫人口满意度能达到95%以上。 | P100: 1.产出指标-数量指标-沟渠改建≥0.45公里；机耕道改建≥0.28公里 2.产出指标-质量指标-项目（工程）验收合格率：100% 3.产出指标-时效指标-项目（工程）完成及时率：100% 4.效益指标-社会效益指标-受益建档立卡脱贫人口数≥27人 5.效益指标-可持续影响指标-工程设计使用年限：≥10年 6.满意度指标-服务对象满意度指标-受益脱贫人口满意度：≥95% | Q100: 带动生产:降低村民农业生产运输成本，促进农民增产增收，预期直接受益面积1100亩，受益人口900人，预期带动脱贫人口27人。
A101: 100 | B101: 银三角 | C101: 棠左村 | D101: 否 | E101: 否 | F101: 棠左村壮大村集体经济厂房附属项目 | G101: 乡村建设类 | H101: 新建沟渠长约300米，高1-1.2米，宽1-1.5米等 | I101: 棠左村 | J101: 2025年 | K101: 银三角街道办 | L101: 32 | M101: 衔接资金30万，自筹2万。 | N101: 棠左村 | O101: 主要提高帮扶产业生产效益，改善脱贫人口生产生活条件，助推村集体经济收入，促进当地农民增产增收，拟新建沟渠长约300米，高1-1.2米，宽1-1.5米等，项目工程完成及时率能达到100%，项目建成后验收合格率能达到100%，设施设计使用年限能达到10年，预期受益人口680人，脱贫人口16人，脱贫人口满意度能达到95%以上。 | P101: 1.产出指标-数量指标-沟渠改建≥0.3公里 2.产出指标-质量指标-项目（工程）验收合格率：100% 3.产出指标-时效指标-项目（工程）完成及时率：100% 4.5.效益指标-可持续影响指标-工程设计使用年限：≥10年 5.效益指标-社会效益指标-受益建档立卡脱贫人口数≥16人 6.满意度指标-服务对象满意度指标-受益脱贫人口满意度：≥95% | Q101: 带动生产:降低帮扶产业基地生产运输成本，降低村民农业生产运输成本，提高村集体经济收入，促进农民增产增收，预期直接受益面积500亩，预期直接受益人口680人，预期带动脱贫人口16人。
A102: 101 | B102: 县本级 | F102: 雨露计划 | G102: 巩固三保障成果类 | H102: 为农村脱贫户和需要实施教育帮扶的防止返贫监测对象家庭子女就读中、高等职业教育（技工学校）的学生提供补助 | I102: 南昌县 | J102: 2025年 | K102: 各乡镇 | L102: 140 | M102: 各级财政拨款 | N102: 脱贫户学生和需要实施教育帮扶的防止返贫监测对象学生 | O102: 对就读中专、职高和大专的脱贫人口和监测对象学生提供补助，预计受益对象390人，受助学生满意度能达到95%以上，受助学生家长满意度能达到95%。 | P102: 1.产出指标-数量指标-资助建档立卡贫困户子女人数：≥390人 2.产出指标-质量指标-接受补助的学生中建档立卡脱贫人口和监测对象子女占比：100% 3.产出指标-质量指标-资助标准达标率：100% 4.产出指标-时效指标-资助经费及时发放率：100% 5.产出指标-成本指标-建档立卡贫困户子女生均资助标准：3000元/学年 6.效益指标-社会效益指标-建档立卡贫困户子女全程全部接受资助的比例：≥95% 7.满意度指标-服务对象满意度指标-受助学生满意度：≥95% 8.满意度指标-服务对象满意度指标-受助学生家长满意度：≥95% | Q102: 教育帮扶，对就读中专、职高和大专的脱贫人口和监测对象学生提供补助，预计受益对象390人。
A103: 102 | B103: 县本级 | F103: 小额信贷贴息 | G103: 产业类 | H103: 为脱贫户自身发展产业贷款提供贴息 | I103: 南昌县 | J103: 2025年 | K103: 各乡镇 | L103: 100 | M103: 各级财政拨款 | N103: 贷款脱贫户和边缘户 | O103: 通过对自身发展产业小额贷款的脱贫人口和监测对象进行贴息，促进脱贫人口和监察对象增加收入，预计受益对象能达到500户，受益脱贫户和监测对象满意度能达到95%以上。 | P103: 1.产出指标-数量指标-脱贫户和监测对象获得贷款户数：≥500户 2.产出指标-质量指标-小额贷款还款率：≥95% 3.产出指标-时效指标-贷款及时发放率：≥95% 4.效益指标-社会效益指标-带动脱贫户和监测对象增收：≥95% 5.满意度指标-服务对象满意度指标-受益脱贫户和监测对象满意度：≥95% | Q103: 产业帮扶，通过对自身发展产业小额贷款的脱贫人口和监测对象进行贴息，促进脱贫人口和监察对象增加收入，预计受益对象能达到500户。
A104: 103 | B104: 县本级 | F104: 省外就业补助 | G104: 就业类 | H104: 为脱贫户省外就业提供交通补助 | I104: 南昌县 | J104: 2025年 | K104: 各乡镇 | L104: 22 | M104: 各级财政拨款 | N104: 相关脱贫户和边缘户 | O104: 对相关建档立卡脱贫人口和监测对象提供交通补助，预计受益对象能达到350人次，受益脱贫人口满意度能达到95%以上。 | P104: 1.产出指标-数量指标-享受省外就业交通补贴人次数：≥350人/次 2.产出指标-时效指标-补贴资金在规定时间内支付到位率：≥95% 3.产出指标-时效指标-资金在规定时间内下达率：≥95% 4.效益指标-成本指标-省外就业交通补贴人均标准收：500元 5.满意度指标-服务对象满意度指标-受益脱贫人口满意度：≥95% 6.满意度指标-服务对象满意度指标-公共就业服务满意度：≥95% | Q104: 就业帮扶，对相关建档立卡脱贫人口和监测对象提供交通补助，预计受益对象能达到350人次。
A105: 合计 | L105: =SUBTOTAL(9,L2:L104) -> 14232
